Cogmind - Beta 16.1 @@@ ROGUE MODE // 2026.06.18 @ 15:54:23 Player: Bikerider58 Result: Self-destructed Performance ------------- Evolutions (7) 3500 Regions Visited (27) 5400 Robots Destroyed (299) 1495 Value Destroyed (12371) 12371 Prototype IDs (81) 1620 Alien Tech Used (4) 800 Bonus (17865) 17865 TOTAL SCORE: 43051 Bonus ------- High Alert Combat Kills 989 Follower Combat Kills 3333 Network Hubs Disabled 400 Registered with UFD 300 Met Optimus in HQ 500 MAIN.C Attacked Warlord 500 Warlord Defense Kills 1328 Built Enhanced Grunts 300 A7 Reached Mainframe 300 Met R17 at Cetus 500 Found Hidden Lab 3000 Used Core Reset Matrix 3000 Met R17 at Research 2000 Scanned by Researcher 500 Pursued by Intercept 1500 Met Optimus at Protoforge 1000 Friendly Fire -1585 Cogmind --------- Core Integrity 77/1300 Matter 300/300 Energy 1090/1090 System Corruption 13% Temperature Cool (0) Movement Walking (110) Location -3/Protoforge Parts ------- > --- POWER (3) -------- Light Antimatter Reactor Light Antimatter Reactor Improved Quantum Reactor > --- PROPULSION (6) --- Enhanced Biometal Leg Heavy Shield Leg Experimental Biometal Leg Overtuned Huge Scrapsphere > --- UTILITY (8) ------ Experimental Heat Sink Experimental Heat Sink Experimental Energy Well Experimental Optical Array Experimental Targeting Computer Experimental Core Analyzer > --- WEAPON (4) ------- Overtuned Railgun Overtuned Railgun Overtuned Railgun > --- INVENTORY (5) ---- HERF Cannon Core Cannon Gamma Bomb Array Peak State ------------ > --- POWER ------------ Neutrino Core Neutrino Core Particle Reactor > --- PROPULSION ------- Improved VSS Leg Enhanced Flexi-carbon Leg Myomer Leg Experimental Flexi-carbon Leg Experimental Flexi-carbon Leg Experimental Flexi-carbon Leg > --- UTILITY ---------- Huge Storage Unit Experimental Optical Array Advanced Signal Interpreter Experimental Targeting Computer Experimental Melee Analysis Suite Experimental Core Analyzer Improved Medium Armor Plating Experimental Hacking Suite > --- WEAPON ----------- Tachyon Dispersion Ray Long-range Proton Cannon Cooled Phase Cannon Plasma Lance > --- INVENTORY -------- Light Antimatter Reactor Light Antimatter Reactor Enhanced Flexi-carbon Leg Experimental Flexi-carbon Leg Advanced Heat Sink Experimental Heat Sink Experimental Energy Well Advanced Terrain Scan Processor Improved Transmission Jammer Graphene Brace AEGIS Remote Shield Quantum Router Long-range Tractor Beam Mapping Drone Bay Transdimensional Reconstructor Core Regenerator Hypervelocity EM Gauss Rifle HERF Cannon Hypervelocity Railgun Gamma Bomb Array Gamma Bomb Array Micro-nuke Launcher Guided Remote Datajack [Rating: 162] Favorites ----------- Power Light Deuterium Engine Engine Light Deuterium Engine Power Core Neutrino Core Reactor Light Antimatter Reactor Propulsion Advanced Myomer Leg Treads Armored Treads Leg Advanced Myomer Leg Wheel Armored Wheel Hover Unit Antigrav System Flight Unit VTOL Module Utility Advanced Signal Interpreter Device Cooling System Storage High-capacity Storage Unit Processor Advanced Signal Interpreter Hackware Advanced Hacking Suite Protection Hardened Light Armor Plating Weapon Advanced Beam Rifle Energy Gun Advanced Beam Rifle Energy Cannon EM Pulse Cannon Ballistic Gun Hypervelocity Railgun Ballistic Cannon Hypervelocity Gauss Cannon Launcher Heavy Shock Bomb Launcher Special Weapon CPS Tube Impact Weapon Shock Maul Slashing Weapon Greatsword Piercing Weapon Plasma Lance Special Melee Weapon Improved Datajack Build | -11 -10 -9 -9 -8 -8 -8 -8 -6 -6 -6 -6 -6 -5 -5 -5 -5 -5 -5 -4 -4 -4 -4 -4 -4 -3 -3 -3 ------- Run | Yrd Mat Mat Min Mat Sto Rec Scr Fac Ext Cet Arc Hub Fac Was Fac Upp Upp War Pro Fac Was Fac Arm Lab Res Qua Frg Slots Evolved 14 | . . 2 . 2 . . . 4 . . . . 2 . . . . . . 2 . . . . 2 . . Power 2 | . . . . . . . . . . . . . . . . . . . . 1 . . . . 1 . . Propulsion 4 | . . . . . . . . 3 . . . . . . . . . . . 1 . . . . . . . Utility 6 | . . 1 . 2 . . . 1 . . . . 2 . . . . . . . . . . . . . . Weapon 2 | . . 1 . . . . . . . . . . . . . . . . . . . . . . 1 . . Parts Attached 344 | 8 8 12 5 21 19 3 9 14 11 4 9 5 33 8 13 4 4 23 2 18 1 18 27 6 30 7 22 Power 37 | 1 1 1 . 1 2 1 . . 1 . 1 . 2 1 2 . . 2 . 3 . 2 5 . 7 . 4 Engine 8 | 1 . 1 . 1 2 1 . . . . . . 1 . . . . . . . . . . . 1 . . Core 11 | . 1 . . . . . . . 1 . . . 1 1 2 . . . . 1 . 1 1 . 2 . . Reactor 18 | . . . . . . . . . . . 1 . . . . . . 2 . 2 . 1 4 . 4 . 4 Propulsion 82 | 2 2 2 2 4 5 . 1 5 2 . 2 3 10 2 . 1 . 6 . 7 1 4 12 . 5 . 4 Treads 15 | 2 2 . 1 3 5 . . . . . . . . . . . . . . . . 2 . . . . . Leg 31 | . . . . . . . . . . . . . 2 . . . . . . 6 1 2 12 . 5 . 3 Wheel 6 | . . 1 1 . . . 1 . . . . . 2 . . . . . . . . . . . . . 1 Hover 27 | . . . . 1 . . . 5 2 . 2 2 5 2 . 1 . 6 . 1 . . . . . . . Flight 3 | . . 1 . . . . . . . . . 1 1 . . . . . . . . . . . . . . Utility 121 | 2 3 4 1 7 5 2 4 6 5 1 5 . 10 2 5 2 2 9 1 4 . 9 4 3 12 3 10 Device 51 | 1 . 1 . 3 5 . . 1 3 . 2 . 4 2 5 1 . 4 1 2 . 5 2 1 2 2 4 Storage 12 | 1 3 . . . . . 1 1 . . 1 . 1 . . . . . . . . 1 1 1 . . 1 Processor 22 | . . . . 2 . . 1 2 1 . . . 4 . . 1 2 3 . . . . . . 2 . 4 Hackware 10 | . . . . . . . 2 . . . 1 . 1 . . . . 1 . . . 1 . . 3 1 . Protection 26 | . . 3 1 2 . 2 . 2 1 1 1 . . . . . . 1 . 2 . 2 1 1 5 . 1 Artifact . | . . . . . . . . . . . . . . . . . . . . . . . . . . . . Weapon 104 | 3 2 5 2 9 7 . 4 3 3 3 1 2 11 3 6 1 2 6 1 4 . 3 6 3 6 4 4 Energy Gun 31 | 2 1 1 . 7 3 . 1 1 1 1 . . 5 3 . . 1 1 . . . . . 3 . . . Energy Cannon 12 | . . 3 . 1 . . . . . . . . . . . 1 . . . 1 . 1 . . 3 2 . Ballistic Gun 24 | 1 . . . . 2 . . . . 2 1 . 2 . 3 . . 2 . 1 . . 6 . 1 . 3 Ballistic Cannon 7 | . . . . . . . . 1 1 . . 2 1 . 1 . . 1 . . . . . . . . . Launcher 9 | . . 1 . 1 2 . . . . . . . 1 . . . . . . 1 . . . . 1 2 . Special Weapon 5 | . . . . . . . 1 . . . . . 1 . . . . 1 1 . . . . . . . 1 Impact Weapon 1 | . . . . . . . . . . . . . . . . . . . . . . . . . 1 . . Slashing Weapon 8 | . 1 . 1 . . . 2 . 1 . . . . . 1 . . . . . . 2 . . . . . Piercing Weapon 4 | . . . 1 . . . . . . . . . 1 . . . 1 1 . . . . . . . . . Special Melee Weapon 3 | . . . . . . . . 1 . . . . . . 1 . . . . 1 . . . . . . . Unidentified Prototypes 66 | . . 1 . 4 6 . . 3 1 3 4 2 3 . 3 . . 12 1 2 . 1 3 6 4 2 5 Parts Lost 70 | . 3 1 . 1 . 2 . . 3 . . 11 1 . . 2 . . 1 4 3 4 2 4 10 11 7 Power 11 | . . . . . . 1 . . . . . . . . . . . . . 1 . 1 1 1 2 3 1 Propulsion 20 | . 2 . . . . . . . 1 . . 6 . . . 1 . . . . 1 1 . . 3 5 . Utility 24 | . . 1 . 1 . 1 . . 2 . . 2 1 . . 1 . . 1 2 1 1 . 1 1 2 6 Weapon 15 | . 1 . . . . . . . . . . 3 . . . . . . . 1 1 1 1 2 4 1 . Highest Loss Streak 11 | . 1 1 . 1 . 1 . . 1 . . 11 1 . . 2 . . 1 1 3 3 2 3 7 11 2 To Critical Strikes 1 | . . . . . . . . . . . . . . . . . . . . . 1 . . . . . . Average Backups 16 | . 14 19 20 19 20 19 18 12 14 14 14 14 9 13 14 13 14 14 14 14 12 11 17 24 23 20 3 Power . | . . 1 1 1 1 . . . 1 1 1 . . . 1 1 1 1 1 . . . . . 1 . . Propulsion 3 | . 5 5 5 4 5 5 4 . 1 1 1 . 2 3 2 1 1 1 1 . 1 . 2 4 2 . . Utility 8 | . 5 8 9 10 10 9 9 6 7 7 9 9 5 6 7 9 9 9 7 7 7 6 8 11 10 9 . Weapon 3 | . 3 3 3 3 3 3 1 1 2 2 1 . 1 2 2 1 1 2 3 4 3 3 5 6 6 6 2 Tool/Special . | . . . . . . . . . . . . . . . . . . . . . . . . . . . . Unused Backups 82 | . 2 3 4 10 1 1 4 4 . . 3 4 5 1 5 . . 5 . 3 5 1 9 3 . 7 2 Power 2 | . . . . . . . . . . . 1 1 . . . . . . . . . . . . . . . Propulsion 14 | . . . . 6 . . . . . . . . 2 . . . . . . . 2 . 4 . . . . Utility 31 | . 1 . 2 2 1 1 3 3 . . 1 2 1 1 1 . . 4 . 1 . . 3 2 . 2 . Weapon 25 | . 1 3 2 2 . . 1 . . . . . 2 . 4 . . 1 . 2 2 . 2 . . 1 2 Tool/Special 10 | . . . . . . . . 1 . . 1 1 . . . . . . . . 1 1 . 1 . 4 . Average Slot Usage (%) 91 | . 99 99 99 98 99 99 88 89 88 86 85 78 69 85 90 85 86 94 99 99 96 91 93 89 94 85 49 Engine 4 | . 4 10 11 9 9 8 8 6 3 . . . 2 . . . . . . . . . . . . . . Core 2 | . 9 . . . . . . . 2 6 1 . 1 5 5 5 5 3 . 3 . 3 3 5 7 3 . Reactor 1 | . . . . . . . . . . . 4 5 . . . . . 1 5 6 8 4 6 2 3 8 6 Treads 9 | . 27 13 21 18 18 18 15 . . . . . . . . . . . . . . 6 5 . . . . Leg 7 | . . . . . . . . . . . . . 2 . . . . . . 27 30 24 25 31 27 21 4 Hover 5 | . . . . . . . . 32 32 26 21 19 7 23 23 22 23 24 29 3 . . . . . . . Device 8 | . 14 14 11 8 10 9 7 5 4 6 5 5 13 8 10 6 5 4 3 9 11 12 5 5 3 4 9 Storage 7 | . 14 11 11 9 9 9 8 6 6 6 6 5 2 5 5 5 5 5 5 5 3 4 5 5 4 4 1 Processor 14 | . . . . 17 18 18 18 16 20 20 16 12 7 11 11 15 17 15 23 21 21 21 21 21 19 18 12 Hackware 2 | . . . . . . . 3 9 3 . 3 6 5 11 11 11 11 13 9 . . . . . 3 4 1 Protection 5 | . . 7 11 9 7 8 6 . 3 6 6 5 3 5 5 5 5 4 2 4 4 2 5 4 3 3 1 Energy Gun 6 | . 22 3 . 22 12 9 7 . 1 . . . 4 6 7 . 1 4 . . . . . 2 4 . . Energy Cannon 3 | . . 28 23 2 . . . . . . . . . . . 3 5 4 . . . 3 . 3 8 5 . Ballistic Gun 4 | . 4 . . . 13 18 1 . . 8 17 13 4 . 4 5 . 1 11 12 9 . 12 4 . . 5 Slashing Weapon 2 | . . . 6 1 . . 8 6 6 2 . . . . . . . . . . . 4 . . . . . Peak Build Rating 162 | 7 11 24 25 36 41 39 41 66 73 85 109 109 103 96 96 99 90 135 130 149 142 139 148 147 162 157 156 Average Rating 73 | 5 9 21 22 33 34 37 37 62 63 72 99 99 78 88 91 85 84 104 127 140 136 132 137 135 152 141 93 On Entrance 75 | . 7 11 23 24 34 39 37 39 64 69 85 109 16 86 91 96 80 90 128 130 133 120 130 147 141 136 62 Avg Prop Armor Cover (%) 8 | . . 6 5 . . . 14 . . . . . 2 . . . . . . . . 12 8 . . . 3 Naked Turns . | . . . . . . . . . . . . . . . . . . . . . . . . . . . . Heaviest Build 169 | 15 49 71 69 66 62 67 63 45 44 51 58 59 58 50 53 57 52 69 67 85 85 89 158 158 169 162 101 Greatest Support 180 | 40 40 40 40 44 42 40 40 41 46 46 77 61 53 53 53 53 53 64 63 180 180 178 146 146 153 125 118 Greatest Overweight (x) 5 | . 1 5 5 1 1 1 4 1 . 1 1 1 2 . . 1 . 1 1 2 . . 1 1 1 2 4 Average Overweight (x) . | . . 4 1 1 1 1 1 . . . . . . . . . . . . . . . . . . . . Largest Inventory Capacity 25 | 8 20 20 20 20 20 20 20 20 15 15 15 15 15 15 15 15 15 15 15 15 15 15 25 25 25 25 25 Average Capacity 17 | 7 17 20 20 20 20 20 19 13 15 15 15 14 10 15 15 15 15 15 15 15 12 14 18 25 25 24 5 Most Carried 25 | . 20 20 20 20 20 20 20 19 15 15 15 15 15 15 15 15 15 15 15 15 15 15 25 25 25 25 5 Average Carried 17 | . 14 19 19 19 19 19 18 12 14 14 14 14 9 13 14 13 14 14 14 14 12 12 17 24 23 21 4 Final Capacity 25 | 8 20 20 20 20 20 20 20 15 15 15 15 5 15 15 15 15 15 15 15 15 5 15 25 25 25 5 5 Final Carried 25 | . 20 20 20 20 20 20 20 15 14 13 15 5 14 15 15 14 15 15 14 15 5 15 25 25 18 5 4 Scrap Suit Usage (%) 2 | . . . . . . . . . . . . . 35 . . . . . . . . . . . . . 36 Parts Cannibalized 2 | . . . . . . . . . . . . . . . . . . . . . . . . . . . 2 Class Distribution -------------------- 25% | Mutant 15% | Gunner 14% | Scavenger-Assassin 9% | Scavenger-Mutant 5% | Hacker-Mutant 4% | Scavenger-Skirmisher 4% | Scavenger-Gunner 3% | Tank Dominant Class ---------------- Mutant | -10/Materials Tank | -9/Materials Mutant | -9/Mines Gunner | -8/Materials Gunner | -8/Storage Gunner | -8/Recycling Mutant | -8/Scraptown Scout | -6/Factory Commander-Gladiator | -6/Extension Commander-Mutant | -6/Cetus Commander-Skirmisher | -6/Archives Scavenger-Scout | -6/Hub_04(d) Scavenger-Scrapper | -5/Factory Scavenger-Mutant | -5/Waste Scavenger-Mutant | -5/Factory Scavenger-Mutant | -5/Upper Caves Hacker-Mutant | -5/Upper Caves Hacker-Gunner | -5/Warlord Scavenger-Scout | -4/Proximity Caves Scavenger-Assassin | -4/Factory Scavenger-Assassin | -4/Waste Scavenger-Assassin | -4/Factory Scavenger-Gunner | -4/Armory Scavenger-Mutant | -4/Lab Scavenger-Assassin | -3/Research Scavenger-Assassin | -3/Quarantine Scavenger-Mutant | -3/Protoforge Resources | -11 -10 -9 -9 -8 -8 -8 -8 -6 -6 -6 -6 -6 -5 -5 -5 -5 -5 -5 -4 -4 -4 -4 -4 -4 -3 -3 -3 ----------- Run | Yrd Mat Mat Min Mat Sto Rec Scr Fac Ext Cet Arc Hub Fac Was Fac Upp Upp War Pro Fac Was Fac Arm Lab Res Qua Frg Matter Collected 10506 | 313 158 280 110 440 676 126 94 506 392 240 324 186 711 117 145 571 173 453 147 870 65 318 2307 72 294 64 354 Remotely 1685 | . . . . . . . . . . . . . . . . . . . . 174 . . 1511 . . . . Salvage Created 15909 | 116 623 765 240 1117 1055 213 . 509 980 108 171 350 778 146 133 181 . 596 120 1667 . 1216 2806 72 1405 110 432 Parts 774 | 9 39 38 18 80 41 15 . 20 34 2 22 16 26 4 12 11 . 26 10 59 . 46 165 5 52 4 20 Haulers Intercepted 26 | . 1 4 . 5 2 . . 3 2 . . 2 2 . . . . . . 2 . 1 . . 1 . 1 Recyclers Shooed 10 | . 2 . . 1 . 2 . . 1 . . . 2 . . . . . . 2 . . . . . . . Parts Field Recycled . | . . . . . . . . . . . . . . . . . . . . . . . . . . . . Retrieved Matter . | . . . . . . . . . . . . . . . . . . . . . . . . . . . . Parts Self-Destructed 18 | . . . . . . . . . . . . . . . . 8 . . 10 . . . . . . . . Prevented . | . . . . . . . . . . . . . . . . . . . . . . . . . . . . Parts Restored . | . . . . . . . . . . . . . . . . . . . . . . . . . . . . Kills | -11 -10 -9 -9 -8 -8 -8 -8 -6 -6 -6 -6 -6 -5 -5 -5 -5 -5 -5 -4 -4 -4 -4 -4 -4 -3 -3 -3 ------- Run | Yrd Mat Mat Min Mat Sto Rec Scr Fac Ext Cet Arc Hub Fac Was Fac Upp Upp War Pro Fac Was Fac Arm Lab Res Qua Frg Combat Hostiles Destroyed 211 | . 12 19 8 25 18 4 . 1 11 2 . 6 4 . 2 2 . 11 6 17 . 10 33 1 15 1 3 Melee 21 | . . . 3 . . . . 1 10 . . . . . . . . . . . . 5 2 . . . . Guns 106 | . 9 . . 16 16 4 . . . . . 2 4 . 2 . . 6 2 13 . . 31 . . . 1 Cannons 35 | . . 5 5 1 . . . . 1 2 . . . . . 1 . 5 1 1 . 5 . 1 5 1 1 AOE 37 | . 3 11 . 7 2 . . . . . . 4 . . . . . . 3 3 . . . . 4 . . Classes Destroyed 26 | 2 6 2 . 3 . . . . 1 . . 1 2 1 . 1 . 1 . . . . 1 . 1 1 3 Worker 12 | . 2 . . 2 1 . . . . . . 2 2 . 1 . . . . . . . . . 2 . . Builder 6 | . . . . 1 . . . . . . . . . . . . . . . 4 . . . . . 1 . Tunneler 9 | 3 2 . . 1 . . . . . . . . . . 1 . . . . 1 . . . . 1 . . Hauler 26 | . 1 4 . 5 2 . . 3 2 . . 2 2 . . . . . . 2 . 1 . . 1 . 1 Recycler 10 | 1 1 . . . . . . 1 1 . . . 1 . . . . . . 3 . 2 . . . . . Mechanic 3 | . . . . . . . . . . . . . 1 . . . . . . . . 1 1 . . . . Operator 8 | . 2 . . . . . . 1 . . 2 1 . . . . . . . . . 1 1 . . . . Drone 1 | . . . . . . . . . . . . . . . . . . . . . . . . . . . 1 Watcher 4 | . 1 . . . 1 . . . . . . 1 . . . . . . . . . 1 . . . . . Swarmer 40 | . 3 7 4 8 . . . . 3 . . 3 . . 1 . . 1 5 5 . . . . . . . Cutter 2 | . . . . . . . . . . . . 2 . . . . . . . . . . . . . . . Grunt 71 | . 9 5 3 8 8 . . 1 2 . . 1 3 . . . . 4 . 4 . 4 10 . 9 . . Brawler 4 | . . . . 1 . . . . . . . . . . . . . . . . . . 3 . . . . Duelist 4 | . . 1 1 . 1 . . . . . . . . . . . . 1 . . . . . . . . . Researcher 1 | . . . . . . . . . . . . . . . . . . . . . . . . . . 1 . Sentry 43 | . . 6 . 7 9 4 . . 5 . . . . . . . . . 1 4 . 3 4 . . . . Demolisher 3 | . . . . . . . . . . . . . . . . . . . . . . . 1 . 2 . . Specialist 4 | . . . . . . . . . . . . . . . . . . . . . . . 4 . . . . Hunter 14 | . . . . 1 . . . . . . . . 1 . . 2 . 1 . 4 . . 5 . . . . Programmer 16 | . . . . . . . . . 1 . . . . . 1 . . 2 . . . 3 8 . . . 1 Behemoth 1 | . . . . . . . . . . . . . . . . . . . . . . . . . . . 1 Cetus Guard 2 | . . . . . . . . . . 2 . . . . . . . . . . . . . . . . . Tracker 1 | . . . . . . . . . . . . . . . . . . . . . . . . . . 1 . Striker 4 | . . . . . . . . . . . . . . . . . . 1 . . . . . . 3 . . Executioner 1 | . . . . . . . . . . . . . . . . . . . . . . . . . 1 . . Elite 1 | . . . . . . . . . . . . . . . . . . . . . . . . . . . 1 Scrapoid 2 | . . . . . . . . . . . . . 1 . . . . . . . . . . . . . 1 Samaritan 1 | . . . . . . . . . . . . . . . . 1 . . . . . . . . . . . Thug 2 | . . . . . . . . . 1 . . . . . . . . 1 . . . . . . . . . Savage 1 | . . . . . . . . . . . 1 . . . . . . . . . . . . . . . . Martyr 2 | . . . . . . . . . . . . . . 2 . . . . . . . . . . . . . Best Kill Streak 11 | 2 4 6 4 6 8 2 . 2 6 1 2 6 2 . 1 2 . 4 5 8 . 3 8 1 11 1 2 Combat Bots Only 11 | . 3 4 4 5 6 2 . 1 3 1 . 3 1 . 1 2 . 4 5 5 . 2 7 1 11 1 1 Max Kills in Single Turn 4 | 1 4 4 1 3 2 1 . 1 1 1 1 4 2 1 1 1 . 1 2 2 . 1 2 1 3 1 1 Gunslinging 1 | . . . . . . . . . . . . . . . . . . . . . . . 1 . . . . Exploded 4 | . 3 4 . 3 1 . . . . . . 1 . . . . . . 2 2 . . . . 3 . . Melee 1 | . . . 1 . . . . 1 1 . . . . . . . . . . . . 1 1 . . . . Uniques/NPCs Destroyed 2 | . . . . . . . . . . . 1 . . . . . . . . . . . . 1 . . . A7 (-6/Archives) A5 (-4/Lab) Combat | -11 -10 -9 -9 -8 -8 -8 -8 -6 -6 -6 -6 -6 -5 -5 -5 -5 -5 -5 -4 -4 -4 -4 -4 -4 -3 -3 -3 -------- Run | Yrd Mat Mat Min Mat Sto Rec Scr Fac Ext Cet Arc Hub Fac Was Fac Upp Upp War Pro Fac Was Fac Arm Lab Res Qua Frg Hostile Shots Fired 1650 | . 63 19 21 78 62 18 . 4 146 16 5 195 22 . 15 73 . 57 28 150 3 79 255 53 77 116 95 Missed 568 | . 12 6 8 22 10 2 . . 64 4 1 106 9 . 6 18 . 23 9 66 1 20 88 19 15 24 35 Hits 1082 | . 51 13 13 56 52 16 . 4 82 12 4 89 13 . 9 55 . 34 19 84 2 59 167 34 62 92 60 Melee 9 | . . 1 . . 2 . . . . . . 3 . . . . . . . 1 2 . . . . . . Projectile 1073 | . 51 12 13 56 50 16 . 4 82 12 4 86 13 . 9 55 . 34 19 83 . 59 167 34 62 92 60 AOE 11 | . . . . . . . . . . . . 1 . . . . . . . . . . 1 . 9 . . Critical Strikes 46 | . 1 . . . 2 1 . . 2 4 . 7 . . . 3 . 4 . 4 2 1 8 . 2 3 2 Actively Blocked 5 | . . . . . . . . . . . . . . . . . . . . . . . . . . 3 2 Damage Taken 20726 | 39 677 220 119 774 838 226 . 75 712 260 90 1865 332 . 148 922 . 826 315 1394 114 1666 2594 765 2094 1800 1861 Core 3505 | . 172 26 37 51 166 15 . . 56 42 . 466 18 . 34 161 . 157 103 147 . 162 185 40 321 358 788 Absorbed by Shields 700 | . . . . . . . . . 215 114 . . . . . 40 . . . . . 187 27 117 . . . Redirected to Shielding 92 | . . . . . . . . . . . . . . . . . . . . . . . . . . . 92 Regen/Repaired (Parts) 889 | . . . . . . . . . 111 . . 47 . 4 39 327 13 76 . . . . 252 . . . 20 Core Remaining (%) 58 | 100 31 . 84 . . . 57 . . . . 33 . . . . . . 52 . . . . 53 . . . Volleys Fired 744 | 11 59 29 7 60 47 14 . . 23 24 17 28 28 . 20 19 . 44 13 36 5 49 93 54 29 16 19 Largest 3 | 2 2 2 2 3 3 3 . . 1 2 3 3 3 . 3 3 . 2 3 3 2 1 3 1 3 1 3 Hottest 300 | 60 80 126 126 240 183 109 . . 44 240 150 103 207 . 150 99 . 128 76 114 76 40 120 40 242 300 300 Shots Fired 1483 | 22 118 47 14 143 129 42 . . 24 29 47 54 76 . 52 42 . 55 23 99 10 50 259 55 45 18 30 Gun 1142 | 22 118 . . 127 126 42 . . 1 11 47 49 74 . 52 36 . 29 18 96 10 . 251 1 5 . 27 Cannon 299 | . . 41 14 6 . . . . 23 17 . . . . . 6 . 26 . . . 50 8 54 35 16 3 Launcher 32 | . . 6 . 10 3 . . . . . . 5 . . . . . . . 1 . . . . 5 2 . Special 10 | . . . . . . . . . . 1 . . 2 . . . . . 5 2 . . . . . . . Kinetic 810 | 11 26 . . . 74 28 . . 23 27 46 49 24 . 33 36 . 28 18 96 10 . 251 1 2 . 27 Thermal 521 | . 92 . . 127 52 14 . . 1 1 1 . 50 . 19 6 . 18 . . . 50 8 54 9 16 3 Explosive 33 | . . 6 . 10 3 . . . . . . 5 . . . . . . 5 3 . . . . . 1 . Electromagnetic 107 | 11 . 41 14 6 . . . . . . . . . . . . . . . . . . . . 34 1 . Entropic 9 | . . . . . . . . . . . . . . . . . . 9 . . . . . . . . . Robot Hit Streak 39 | 4 10 23 8 13 17 27 . . 39 6 6 8 11 . 7 7 . 18 9 16 5 9 18 5 6 2 4 Robot Miss Streak 7 | 2 7 1 1 4 3 1 . . 1 2 3 7 3 . 3 7 . 3 1 4 2 1 3 2 4 1 3 Penetration Max 2 | . . . . . . . . . . 1 1 1 1 . . . . 2 . 2 . . 2 . . . 2 Secondary Targets 18 | . 1 . . 2 4 . . . . . 1 . . . . . . . . 3 . . 7 . . . . Max Gunslinging Chain 1 | . 1 . . 1 1 . . . . . 1 . . . . . . . . 1 . . 1 . . . . Shots Hit Robots 1012 | 12 72 30 16 85 99 33 . 9 48 19 22 8 55 5 28 25 . 36 12 64 7 57 191 30 31 5 13 Core Hits 559 | 4 39 25 9 48 39 11 . 6 17 4 9 24 22 4 13 10 . 23 7 52 . 22 93 11 52 3 12 Critical Kills 42 | . . . . . . . . . . 2 2 1 . . . 1 . 3 . . . . 32 . . . 1 Critical Parts Destroyed 52 | . . . . . . . . . . 1 2 . 1 . 6 3 . 3 . 1 . . 33 . . 1 1 Critical Strikes 123 | . . 1 1 5 3 1 . . 2 5 4 1 3 . 7 4 . 6 . 2 . 2 72 . 1 1 2 Burn 11 | . . . . 5 3 1 . . . . . . 1 . 1 . . . . . . . . . . . . Meltdown 1 | . . . . . . . . . . . . . . . . 1 . . . . . . . . . . . Destroy 100 | . . . . . . . . . . 5 4 1 1 . 6 3 . 5 . 1 . . 71 . . 1 2 Corrupt 2 | . . 1 1 . . . . . . . . . . . . . . . . . . . . . . . . Sever 5 | . . . . . . . . . 2 . . . . . . . . . . 1 . 2 . . . . . Impale 3 | . . . . . . . . . . . . . 1 . . . . . . . . . 1 . 1 . . Detonate 1 | . . . . . . . . . . . . . . . . . . 1 . . . . . . . . . Melee Attacks 167 | . 2 . 8 . 6 . . 18 38 . . . 6 5 . . . 1 . 12 . 34 23 . 10 4 . Impact . | . . . . . . . . . . . . . . . . . . . . . . . . . . . . Slashing 90 | . 2 . 6 . 6 . . 15 38 . . . . . . . . . . . . 23 . . . . . Piercing 73 | . . . 2 . . . . . . . . . 6 5 . . . 1 . 11 . 11 23 . 10 4 . Sneak Attacks 37 | . . . . . 1 . . 7 4 . . . 2 5 . . . . . 7 . 5 1 . 4 1 . Combat Hostiles 2 | . . . . . . . . . 2 . . . . . . . . . . . . . . . . . . Follow-up Attacks 4 | . . . . . . . . . 4 . . . . . . . . . . . . . . . . . . Damage Inflicted 32418 | 200 1196 1508 422 2746 2075 611 . 565 2321 508 750 1170 1327 299 347 283 . 1407 869 3288 205 3095 2039 805 2825 608 949 Guns 13174 | 155 850 . . 1546 1680 575 . . 18 267 750 242 1134 . 347 91 . 855 279 1743 205 . 1639 . 89 . 709 Cannons 6017 | . . 751 240 61 . . . . 638 241 . . . . . 192 . 383 . . . 1346 . 805 710 450 200 Explosions 6614 | 45 337 733 . 1122 319 . . . . . . 906 56 . . . . 169 476 731 . 49 . . 1662 9 . Melee 6192 | . . . 182 . 66 . . 565 1665 . . . 137 299 . . . . . 665 . 1700 400 . 364 149 . Ramming 199 | . 9 24 . 17 10 36 . . . . . 22 . . . . . . . 41 . . . . . . 40 Kinetic 9647 | 102 214 . . . 960 375 . . 638 508 710 242 416 . 134 91 . 597 279 1743 205 . 1639 . 85 . 709 Thermal 8975 | 45 953 176 . 1546 720 200 . . 18 . 40 . 718 . 213 192 . 446 . 252 . 1395 . 805 606 450 200 Explosive 3435 | . 20 557 . 1122 319 . . . . . . 397 56 . . . . . 476 479 . . . . . 9 . Electromagnetic 3384 | 53 . 751 240 61 . . . . . . . 509 . . . . . . . . . . . . 1770 . . Impact . | . . . . . . . . . . . . . . . . . . . . . . . . . . . . Slashing 4096 | . . . 131 . 66 . . 565 1665 . . . . . . . . . 114 108 . 1447 . . . . . Piercing 2318 | . . . 51 . . . . . . . . . 137 299 . . . . . 665 . 253 400 . 364 149 . Entropic 364 | . . . . . . . . . . . . . . . . . . 364 . . . . . . . . . Highest Corruption 16 | . . . . . . . . . 1 1 1 10 3 3 7 7 7 7 5 4 4 8 16 16 2 5 13 Average Corruption 5 | . . . . . . . . . 1 1 1 2 3 3 4 7 7 4 5 4 4 4 10 10 2 2 9 Corruption Purged 3 | . . . . . . . . . . . . . . . . . . . . . . 3 . . . . . Corruption Blocked . | . . . . . . . . . . . . . . . . . . . . . . . . . . . . Effects 208 | . . . . . . . . . 4 2 3 3 5 10 13 7 4 7 7 9 5 19 51 14 4 14 27 Message Errors 48 | . . . . . . . . . 2 . 1 1 1 2 4 . . 1 2 2 1 7 10 3 1 4 6 Matter Fused 47 | . . . . . . . . . . 2 . 1 1 3 2 2 2 1 . 5 1 2 9 5 2 4 5 Heat Flow Errors 26 | . . . . . . . . . . . 2 . 2 1 2 1 . 1 1 1 . 3 6 3 . . 3 Energy Discharges 21 | . . . . . . . . . . . . . 1 . . 1 . 1 3 . 1 3 7 . . 1 3 Parts Rejected 6 | . . . . . . . . . . . . . . 1 . . . . . . 2 . 2 . . . 1 Parts Fused 2 | . . . . . . . . . . . . . . . . . . 1 . . . . . . 1 . . Data Loss (minor) 23 | . . . . . . . . . . . . . . 2 3 2 1 . 1 . . 3 6 1 . 1 3 Data Loss (major) 16 | . . . . . . . . . 1 . . 1 . 1 1 . . 1 . 1 . . 5 1 . 1 3 Misfires 7 | . . . . . . . . . 1 . . . . . 1 . . . . . . 1 1 1 . 2 . Alerts 2 | . . . . . . . . . . . . . . . . . 1 . . . . . . . . 1 . Misdirections 1 | . . . . . . . . . . . . . . . . . . . . . . . . . . . 1 Weapon Failures 9 | . . . . . . . . . . . . . . . . 1 . 1 . . . . 5 . . . 2 Overload Shots 4 | . . . . . . . . . . 1 . . . . . . . . . . . . . . 3 . . Effects 1 | . . . . . . . . . . 1 . . . . . . . . . . . . . . . . . Heat Surge 1 | . . . . . . . . . . 1 . . . . . . . . . . . . . . . . . Overflow Damage 1337 | . 77 55 26 31 26 . . . 92 . . 50 20 23 . 44 . 1 23 23 . 321 68 . 240 211 6 Projectiles 276 | . . 11 . . . . . . . . . . . . . 44 . . . . . 61 . . . 160 . Explosions 352 | . 77 44 . 31 . . . . . . . 50 . . . . . 1 23 7 . 11 . . 108 . . Melee 709 | . . . 26 . 26 . . . 92 . . . 20 23 . . . . . 16 . 249 68 . 132 51 6 Knockbacks 3 | . . 1 . . . 1 . . . . . . . . . . . 1 . . . . . . . . . Impact 2 | . . 1 . . . 1 . . . . . . . . . . . . . . . . . . . . . Kinetic 1 | . . . . . . . . . . . . . . . . . . 1 . . . . . . . . . Secondary . | . . . . . . . . . . . . . . . . . . . . . . . . . . . . Self-Inflicted Damage 801 | 39 116 12 . 90 . . . . . . . 126 69 . . . . . . . . 186 . . 63 88 12 Shots 20 | 1 2 . . 5 . . . . . . . 2 1 . . . . . . . . 2 . . 5 2 . Rammed 16 | . 2 1 . 2 2 4 . . . . . 2 . . . . . . . . . . . . . . 3 Targets Rammed 24 | . 3 1 . 3 2 4 . . . . . 2 . . . . . . . 4 . . . . . . 5 Kicked 6 | . . . . . . . . . . . . . . . . . . . . 4 . . . . . . 2 Crushed 2 | . 1 . . 1 . . . . . . . . . . . . . . . . . . . . . . . Highest Temperature 431 | 12 138 48 45 231 279 70 . . 33 322 305 409 144 70 109 83 . 285 229 237 105 195 431 190 312 256 200 Average Temperature 75 | 12 45 18 20 84 93 23 . . 17 159 112 38 41 47 31 38 . 99 111 66 53 40 104 85 115 43 77 Received Heat Transfer 2529 | . 282 63 30 189 396 81 . 36 100 8 18 183 75 . . . . 72 . 132 . 249 390 . 144 27 54 Effects 9 | . . . . . . . . . . 1 3 . . . . . . 1 . . . . 3 . 1 . . Shutdowns 1 | . . . . . . . . . . . . . . . . . . . . . . . 1 . . . . Energy Bleed 4 | . . . . . . . . . . 1 . . . . . . . 1 . . . . 1 . 1 . . Interference 3 | . . . . . . . . . . . 3 . . . . . . . . . . . . . . . . Short Circuit 1 | . . . . . . . . . . . . . . . . . . . . . . . 1 . . . . Siege Activations . | . . . . . . . . . . . . . . . . . . . . . . . . . . . . Martial Activations . | . . . . . . . . . . . . . . . . . . . . . . . . . . . . Shielding Activations . | . . . . . . . . . . . . . . . . . . . . . . . . . . . . Robots Disrupted 2 | . . . . . . . . . . . . . . . . . . . . . . . . . 2 . . Combat Hostiles 2 | . . . . . . . . . . . . . . . . . . . . . . . . . 2 . . Robots Corrupted 10 | . . 3 . . . . . . . . . . . . . . . . . . . . . . 6 . 1 Combat Hostiles 9 | . . 3 . . . . . . . . . . . . . . . . . . . . . . 6 . . Parts Fried 22 | . . 4 . 1 . . . . . . . 2 . . . . . . . . . . . . 15 . . Impact Corruptions 1 | . . . . . . . . . . . . . . . . . . . . . . . . . . . 1 Robots Melted 4 | . . . . 1 1 . . . . . . . 1 . . 1 . . . . . . . . . . . Combat Hostiles 2 | . . . . 1 . . . . . . . . . . . 1 . . . . . . . . . . . Parts Melted 23 | . 1 . . 5 2 2 . . . . . . 4 . 1 5 . . . . . 1 1 . 1 . . Heat Transferred 13030 | . 1650 250 . 3284 1554 444 . . 18 . 37 . 1394 . 444 300 . 601 . 150 . 1395 . 961 548 . . Parts Sabotaged 4 | . . . . . . . . . . . . . . . . . . . . 4 . . . . . . . Parts Stolen . | . . . . . . . . . . . . . . . . . . . . . . . . . . . . Parts Stripped . | . . . . . . . . . . . . . . . . . . . . . . . . . . . . Power Chain Reactions 8 | 1 . 3 . . . . . . . . . . . . . . . . . . . . . . 4 . . Alert | -11 -10 -9 -9 -8 -8 -8 -8 -6 -6 -6 -6 -6 -5 -5 -5 -5 -5 -5 -4 -4 -4 -4 -4 -4 -3 -3 -3 ------- Run | Yrd Mat Mat Min Mat Sto Rec Scr Fac Ext Cet Arc Hub Fac Was Fac Upp Upp War Pro Fac Was Fac Arm Lab Res Qua Frg Maximum Alert Level 3 | . . 1 . 2 1 . . . 1 1 1 3 3 1 2 . . . . 3 1 1 3 . 2 1 1 Low Security (%) 60 | 100 100 53 100 53 25 100 . 100 65 12 23 8 . 41 10 . . . . 6 62 83 24 . 97 18 99 Level 1 22 | . . 46 . 32 74 . . . 34 87 76 38 . 58 66 . . . . 8 37 16 5 . . 81 . Level 2 9 | . . . . 14 . . . . . . . 37 19 . 23 . . . . 47 . . 44 . 2 . . Level 3 7 | . . . . . . . . . . . . 14 80 . . . . . . 37 . . 25 . . . . Level 4 . | . . . . . . . . . . . . . . . . . . . . . . . . . . . . Level 5 . | . . . . . . . . . . . . . . . . . . . . . . . . . . . . High Security . | . . . . . . . . . . . . . . . . . . . . . . . . . . . . Max Security . | . . . . . . . . . . . . . . . . . . . . . . . . . . . . Peak Influence 926 | 10 197 396 130 476 388 134 . 37 281 382 255 926 865 263 606 . . . . 801 238 267 824 . 491 323 209 Initial 431 | . . 18 130 42 192 134 . . . 116 136 74 431 263 84 . . . . 44 238 79 8 . . 273 54 Average 206 | . 74 175 29 175 287 23 . 10 148 259 223 426 746 203 331 . . . . 596 187 90 479 . 18 237 108 Influence Increases 12368 | 20 481 611 210 836 570 223 . 137 589 366 239 1330 718 48 932 50 . 220 130 1052 6 699 1407 . 694 252 548 Destroy 0b10 Robot/C 5660 | . 240 380 160 500 360 80 . 40 340 160 80 300 360 . 340 40 . 220 120 340 . 300 800 . 300 40 160 Destroy 0b10 Robot/NC 445 | 20 45 20 . 45 20 . . 25 30 10 10 45 30 . 15 . . . . 50 . 30 10 . 20 5 15 Destroy Leader 1208 | . 64 118 20 130 126 . . 16 40 . . 100 64 . 80 10 . . 10 84 . 84 170 . 52 10 30 Allied During Kill 1357 | . . . . . . . . . 114 170 90 217 142 . 227 . . . . . . 44 236 . . . 117 Successful Hack 307 | . . 10 . 8 7 23 . 20 26 . . . . . . . . . . 38 . 21 15 . 45 94 . Select Force Hacks 170 | . . . . . . 120 . . . . . 50 . . . . . . . . . . . . . . . Disable Machine 1035 | . 60 15 . 105 30 . . . . 15 45 240 15 . 135 . . . . 90 . 90 60 . 60 60 15 Anti-Garrison Action 350 | . . . . . . . . . . . . . . . . . . . . 200 . . . . 150 . . Destroy Structure 1086 | . 27 38 . 48 27 . . 6 9 11 14 168 92 48 60 . . . . 190 6 130 56 . 52 28 76 Partial Spotted 45 | . . 15 . . . . . . 15 . . . . . 15 . . . . . . . . . . . . Lose Combat Pursuer 705 | . 45 15 30 . . . . 30 15 . . 210 15 . 60 . . . . 60 . . 60 . 15 15 135 Influence Decreases 12200 | 20 436 322 434 490 680 569 . 136 381 233 366 665 845 680 455 362 125 277 164 440 574 795 601 824 207 642 477 Entered New Map 4330 | . . 27 204 68 264 212 . . 1 93 206 141 449 490 37 222 55 161 104 26 444 35 10 824 . 214 43 Time Decay 5991 | 20 406 285 230 412 416 347 . 116 330 120 100 214 326 170 238 110 70 116 50 374 80 395 401 . 117 318 230 Lost Part 630 | . 30 10 . 10 . 10 . . 30 . . 110 10 . . 20 . . 10 40 30 36 20 . 90 110 64 Lost Ally 1000 | . . . . . . . . 20 20 20 60 200 60 20 180 10 . . . . 20 80 170 . . . 140 Purge Threat 249 | . . . . . . . . . . . . . . . . . . . . . . 249 . . . . . Squads Dispatched 99 | . 3 1 1 2 1 . . 6 1 . . 15 11 . 9 . . . . 13 . 9 10 . 8 3 6 Investigation 35 | . . . 1 . 1 . . 2 . . . 7 2 . 6 . . . . 4 . 3 4 . 2 . 3 Extermination 12 | . . . . . . . . 1 . . . 1 2 . 1 . . . . 1 . 2 3 . . 1 . Reinforcement 34 | . 3 1 . . . . . . 1 . . 7 3 . 1 . . . . 4 . 4 2 . 5 1 2 Assault 9 | . . . . 1 . . . . . . . . 4 . . . . . . 3 . . 1 . . . . Garrison 6 | . . . . 1 . . . 3 . . . . . . 1 . . . . 1 . . . . . . . Intercept 3 | . . . . . . . . . . . . . . . . . . . . . . . . . 1 1 1 Searches Triggered . | . . . . . . . . . . . . . . . . . . . . . . . . . . . . Construction Impeded 3 | . . . . . . . . . . . . 1 1 . . . . . . 1 . . . . . . . Haulers Reinforced 6 | . . . . . . . . . . . . 2 1 . . . . . . 1 . 1 . . 1 . . Active Scanning Responses . | . . . . . . . . . . . . . . . . . . . . . . . . . . . . Cargo Convoy Interrupts . | . . . . . . . . . . . . . . . . . . . . . . . . . . . . Stealth | -11 -10 -9 -9 -8 -8 -8 -8 -6 -6 -6 -6 -6 -5 -5 -5 -5 -5 -5 -4 -4 -4 -4 -4 -4 -3 -3 -3 --------- Run | Yrd Mat Mat Min Mat Sto Rec Scr Fac Ext Cet Arc Hub Fac Was Fac Upp Upp War Pro Fac Was Fac Arm Lab Res Qua Frg Distress Signals 36 | . 4 2 . 2 2 . . 1 2 1 . 10 . . . . . . . 2 . 1 3 . 1 . 5 Communications Jammed 28 | . . . . . . . . . . . . . . . . . . . . 21 . 7 . . . . . Distress Signals 22 | . . . . . . . . . . . . . . . . . . . . 21 . 1 . . . . . Times Spotted 520 | . 27 27 9 34 19 4 . 7 22 10 12 51 20 6 17 5 . 54 6 27 4 28 46 1 27 5 52 Peak Tracking Total 19 | . 5 7 4 7 3 2 . 2 4 5 1 19 3 5 4 3 . 13 5 5 4 5 6 1 10 3 15 Tactical Retreats 27 | . 3 1 1 . . . . 1 1 . . 7 1 . 2 . . . . 1 . . 2 . 1 1 5 Traps | -11 -10 -9 -9 -8 -8 -8 -8 -6 -6 -6 -6 -6 -5 -5 -5 -5 -5 -5 -4 -4 -4 -4 -4 -4 -3 -3 -3 ------- Run | Yrd Mat Mat Min Mat Sto Rec Scr Fac Ext Cet Arc Hub Fac Was Fac Upp Upp War Pro Fac Was Fac Arm Lab Res Qua Frg Traps Triggered 15 | . . . . . 1 . . . 1 . . 1 1 . 1 . . . . 3 . 2 1 . 3 . 1 Indirectly 1 | . . . . . . . . . . . . 1 . . . . . . . . . . . . . . . Trap Hack Attempts . | . . . . . . . . . . . . . . . . . . . . . . . . . . . . Triggered . | . . . . . . . . . . . . . . . . . . . . . . . . . . . . Disarmed . | . . . . . . . . . . . . . . . . . . . . . . . . . . . . Reprogrammed . | . . . . . . . . . . . . . . . . . . . . . . . . . . . . Reused . | . . . . . . . . . . . . . . . . . . . . . . . . . . . . Traps Extracted . | . . . . . . . . . . . . . . . . . . . . . . . . . . . . Installed . | . . . . . . . . . . . . . . . . . . . . . . . . . . . . Triggered . | . . . . . . . . . . . . . . . . . . . . . . . . . . . . Machines | -11 -10 -9 -9 -8 -8 -8 -8 -6 -6 -6 -6 -6 -5 -5 -5 -5 -5 -5 -4 -4 -4 -4 -4 -4 -3 -3 -3 ---------- Run | Yrd Mat Mat Min Mat Sto Rec Scr Fac Ext Cet Arc Hub Fac Was Fac Upp Upp War Pro Fac Was Fac Arm Lab Res Qua Frg Machines Disabled 74 | . 4 1 . 7 2 . . . 1 1 3 16 1 . 9 . . 1 . 6 . 6 4 2 5 4 1 Max in Single Turn 10 | . 2 1 . 2 1 . . . 1 1 1 10 1 . 4 . . 1 . 3 . 5 1 1 1 1 . Garrison Access 5 | . . . . 1 . . . . . . . . . . 1 . . . . 1 . 1 . . 1 . . Network Hub 2 | . . . . . . . . . . . . 2 . . . . . . . . . . . . . . . Machines Repaired . | . . . . . . . . . . . . . . . . . . . . . . . . . . . . Machines Dismantled . | . . . . . . . . . . . . . . . . . . . . . . . . . . . . Machines Sabotaged 1 | . . . . . . . . . . . . 1 . . . . . . . . . . . . . . . Overloaded Fab Kills . | . . . . . . . . . . . . . . . . . . . . . . . . . . . . Hacking | -11 -10 -9 -9 -8 -8 -8 -8 -6 -6 -6 -6 -6 -5 -5 -5 -5 -5 -5 -4 -4 -4 -4 -4 -4 -3 -3 -3 --------- Run | Yrd Mat Mat Min Mat Sto Rec Scr Fac Ext Cet Arc Hub Fac Was Fac Upp Upp War Pro Fac Was Fac Arm Lab Res Qua Frg Machines Accessed 111 | . 2 6 1 8 1 10 5 5 11 . . 7 6 . 9 . . 2 . 7 . 9 6 1 7 4 4 Terminals 58 | . 1 4 . 5 1 6 . 3 10 . . 6 3 . 2 . . . . 2 . 4 3 . 3 4 1 Fabricators 5 | . . . . . . . . . . . . . 1 . 1 . . . . 1 . . . . 2 . . Repair Stations 3 | . . . . . . . . . 1 . . . . . . . . . . . . . 1 . 1 . . Recycling Units 26 | . 1 1 . 1 . 4 . 2 . . . . 2 . 5 . . . . 2 . 3 2 . . . 3 Scanalyzers 3 | . . 1 . 1 . . . . . . . . . . . . . . . . . . . . 1 . . Garrison Access 7 | . . . . 1 . . . . . . . 1 . . 1 . . . . 2 . 2 . . . . . Total Hacks 292 | . 3 18 1 19 1 18 48 6 22 . . 16 11 . 22 . . 7 . 15 . 32 14 1 18 12 8 Successful 156 | . 1 4 1 7 1 11 48 5 12 . . 4 5 . 9 . . 7 . 7 . 8 8 1 9 5 3 Failed 135 | . 2 13 . 12 . 7 . 1 10 . . 12 6 . 13 . . . . 8 . 24 6 . 9 7 5 Catastrophic 35 | . . 3 . 4 . . . . . . . 3 2 . 2 . . . . 2 . 7 4 . 2 5 1 Database Lockouts 1 | . . 1 . . . . . . . . . . . . . . . . . . . . . . . . . Manual 130 | . 4 12 . 7 1 17 . 3 9 1 . 12 5 . 17 . . . . 5 . 15 10 . 1 6 5 Terminals 141 | . 2 13 . 9 1 12 . 4 19 . . 12 7 . 10 . . . . 3 . 17 11 . 6 12 3 Fabricators 8 | . . . . . . . . . . . . . 2 . 1 . . . . 1 . . . . 4 . . Repair Stations 5 | . . . . . . . . . 3 . . . . . . . . . . . . . 1 . 1 . . Recycling Units 45 | . 1 2 . 3 . 6 . 2 . . . . 2 . 10 . . . . 6 . 6 2 . . . 5 Scanalyzers 15 | . . 3 . 5 . . . . . . . . . . . . . . . . . . . . 7 . . Garrison Access 21 | . . . . 2 . . . . . . . 4 . . 1 . . . . 5 . 9 . . . . . Terminal Hacks 82 | . . 1 1 1 1 . 48 2 4 . . . 2 . . . . 7 . 2 . 3 2 1 2 5 . Record 49 | . . . . . . . 48 . . . . . . . . . . . . . . . . 1 . . . Part Schematic 1 | . . . . . . . . . . . . . . . . . . . . . . . . . . 1 . Robot Analysis 1 | . . . . . . . . . . . . . . . . . . . . . . . . . 1 . . Prototype ID Bank 6 | . . . . . . . . . . . . . . . . . . 6 . . . . . . . . . Open Door 8 | . . . 1 . 1 . . 1 4 . . . . . . . . 1 . . . . . . . . . Branch Access Points 3 | . . 1 . 1 . . . . . . . . . . . . . . . . . . . . 1 . . Unreport Threat 3 | . . . . . . . . . . . . . . . . . . . . . . 3 . . . . . Maintenance Status 1 | . . . . . . . . . . . . . . . . . . . . . . . . . . 1 . Recall Investigation 1 | . . . . . . . . . . . . . . . . . . . . . . . . . . 1 . Hauler Manifests 2 | . . . . . . . . . . . . . 1 . . . . . . 1 . . . . . . . Registered Prototypes 2 | . . . . . . . . 1 . . . . . . . . . . . . . . . . . 1 . Zone Layout 5 | . . . . . . . . . . . . . 1 . . . . . . 1 . . 2 . . 1 . Fabricator Hacks 4 | . . . . . . . . . . . . . 1 . 1 . . . . 1 . . . . 1 . . Network Status 4 | . . . . . . . . . . . . . 1 . 1 . . . . 1 . . . . 1 . . Repair Station Hacks 2 | . . . . . . . . . 2 . . . . . . . . . . . . . . . . . . Scan Component 1 | . . . . . . . . . 1 . . . . . . . . . . . . . . . . . . Repair 1 | . . . . . . . . . 1 . . . . . . . . . . . . . . . . . . Recycling Unit Hacks 7 | . 1 1 . 1 . 1 . . . . . . . . 2 . . . . 1 . . . . . . . Retrieve Matter 1 | . . . . . . . . . . . . . . . . . . . . 1 . . . . . . . Retrieve Components 6 | . 1 1 . 1 . 1 . . . . . . . . 2 . . . . . . . . . . . . Scanalyzer 10 | . . 1 . 4 . . . . . . . . . . . . . . . . . . . . 5 . . Insert Component 1 | . . . . 1 . . . . . . . . . . . . . . . . . . . . . . . Analyze 1 | . . . . 1 . . . . . . . . . . . . . . . . . . . . . . . Retrieve Study 8 | . . 1 . 2 . . . . . . . . . . . . . . . . . . . . 5 . . Garrison Access Hacks 3 | . . . . 1 . . . . . . . . . . 1 . . . . . . 1 . . . . . Seal Access 3 | . . . . 1 . . . . . . . . . . 1 . . . . . . 1 . . . . . Unauthorized Hacks 48 | . . 1 . . . 10 . 3 6 . . 4 2 . 5 . . . . 3 . 4 6 . 1 . 3 Terminals 22 | . . 1 . . . 6 . 1 6 . . 4 . . . . . . . . . 1 3 . . . . Botnet 6 | . . 1 . . . 1 . 1 1 . . . . . . . . . . . . 1 1 . . . . Disrupt 1 | . . . . . . . . . . . . . . . . . . . . . . . 1 . . . . Operators 1 | . . . . . . . . . . . . . . . . . . . . . . . 1 . . . . Skim 10 | . . . . . . 5 . . 5 . . . . . . . . . . . . . . . . . . Sabotage 4 | . . . . . . . . . . . . 4 . . . . . . . . . . . . . . . Fabricators 1 | . . . . . . . . . . . . . . . . . . . . . . . . . 1 . . Haulers 1 | . . . . . . . . . . . . . . . . . . . . . . . . . 1 . . Repair Stations 1 | . . . . . . . . . . . . . . . . . . . . . . . 1 . . . . Patch 1 | . . . . . . . . . . . . . . . . . . . . . . . 1 . . . . Recycling Units 23 | . . . . . . 4 . 2 . . . . 2 . 5 . . . . 2 . 3 2 . . . 3 Tunnel 4 | . . . . . . 4 . . . . . . . . . . . . . . . . . . . . . Fedlink 14 | . . . . . . . . 2 . . . . 1 . 5 . . . . 2 . 2 1 . . . 1 Scrapoids 4 | . . . . . . . . . . . . . 1 . . . . . . . . 1 . . . . 2 Scraphulk 1 | . . . . . . . . . . . . . . . . . . . . . . . 1 . . . . Scanalyzers . | . . . . . . . . . . . . . . . . . . . . . . . . . . . . Garrison Access 1 | . . . . . . . . . . . . . . . . . . . . 1 . . . . . . . Jam 1 | . . . . . . . . . . . . . . . . . . . . 1 . . . . . . . Data Cores Recovered 2 | . . . . . . . . 1 . . . . . . 1 . . . . . . . . . . . . Used 2 | . . . . . . . . 1 . . . . . . 1 . . . . . . . . . . . . Hacking Detections 58 | . 2 6 . 8 1 3 . 3 8 . . 5 2 . 3 . . . . 2 . 5 1 . 4 4 1 Full Trace Events 5 | . . 1 . . . . . . . . . 3 . . . . . . . 1 . . . . . . . Feedback Events 2 | . . . . . . . . . . . . 1 . . . . . . . 1 . . . . . . . Corruption 1 | . . . . . . . . . . . . 1 . . . . . . . . . . . . . . . Hackware Fried 1 | . . . . . . . . . . . . . . . . . . . . 1 . . . . . . . Feedback Blocked . | . . . . . . . . . . . . . . . . . . . . . . . . . . . . Robot Schematics Acquired 1 | . . . . . . . . . . . . . . . . . . . . . . . . . . 1 . Robots Built . | . . . . . . . . . . . . . . . . . . . . . . . . . . . . Authchips . | . . . . . . . . . . . . . . . . . . . . . . . . . . . . Time . | . . . . . . . . . . . . . . . . . . . . . . . . . . . . Total Robot Build Rating . | . . . . . . . . . . . . . . . . . . . . . . . . . . . . Part Schematics Acquired 5 | . . . . 1 . . . . . . . . . . . . . . . . . . . . . 4 . Parts Built . | . . . . . . . . . . . . . . . . . . . . . . . . . . . . Authchips . | . . . . . . . . . . . . . . . . . . . . . . . . . . . . Time . | . . . . . . . . . . . . . . . . . . . . . . . . . . . . Total Part Build Rating . | . . . . . . . . . . . . . . . . . . . . . . . . . . . . Part Studies Acquired 8 | . . 1 . 2 . . . . . . . . . . . . . . . . . . . . 5 . . Parts Repaired 1 | . . . . . . . . . 1 . . . . . . . . . . . . . . . . . . Time 44 | . . . . . . . . . 44 . . . . . . . . . . . . . . . . . . Parts Recycled . | . . . . . . . . . . . . . . . . . . . . . . . . . . . . Recycled Matter . | . . . . . . . . . . . . . . . . . . . . . . . . . . . . Retrieved Matter . | . . . . . . . . . . . . . . . . . . . . . . . . . . . . Retrieved Components 27 | . 6 2 . 9 . 4 . . . . . . . . 6 . . . . . . . . . . . . Parts Scanalyzed 1 | . . . . 1 . . . . . . . . . . . . . . . . . . . . . . . Part Schematics Acquired 1 | . . . . 1 . . . . . . . . . . . . . . . . . . . . . . . Parts Damaged . | . . . . . . . . . . . . . . . . . . . . . . . . . . . . Bothacking | -11 -10 -9 -9 -8 -8 -8 -8 -6 -6 -6 -6 -6 -5 -5 -5 -5 -5 -5 -4 -4 -4 -4 -4 -4 -3 -3 -3 ------------ Run | Yrd Mat Mat Min Mat Sto Rec Scr Fac Ext Cet Arc Hub Fac Was Fac Upp Upp War Pro Fac Was Fac Arm Lab Res Qua Frg Used RIF Installer . | . . . . . . . . . . . . . . . . . . . . . . . . . . . . Robots Hacked 3 | . . . . . . . . 2 . . . . . . . . . . . 1 . . . . . . . Non-combat 3 | . . . . . . . . 2 . . . . . . . . . . . 1 . . . . . . . Combat . | . . . . . . . . . . . . . . . . . . . . . . . . . . . . Robot Hacks Applied 3 | . . . . . . . . 2 . . . . . . . . . . . 1 . . . . . . . find_chute 2 | . . . . . . . . 1 . . . . . . . . . . . 1 . . . . . . . find_recycling 1 | . . . . . . . . 1 . . . . . . . . . . . . . . . . . . . Relay Couplers Released 2 | . . . . . . . . . . . . . . . . . . . . . . . . . 2 . . Machine Destruction 2 | . . . . . . . . . . . . . . . . . . . . . . . . . 2 . . Fabnet Peak Effective % . | . . . . . . . . . . . . . . . . . . . . . . . . . . . . Robots Rewired 12 | . . . . . . . . 1 11 . . . . . . . . . . . . . . . . . . Allies Hacked 1 | . . . . . . . . . . . . . . . 1 . . . . . . . . . . . . Hacks Repelled . | . . . . . . . . . . . . . . . . . . . . . . . . . . . . Allies | -11 -10 -9 -9 -8 -8 -8 -8 -6 -6 -6 -6 -6 -5 -5 -5 -5 -5 -5 -4 -4 -4 -4 -4 -4 -3 -3 -3 -------- Run | Yrd Mat Mat Min Mat Sto Rec Scr Fac Ext Cet Arc Hub Fac Was Fac Upp Upp War Pro Fac Was Fac Arm Lab Res Qua Frg Total Allies 73 | . . . . . . . . 1 16 5 . . 5 19 . . . . . . 1 5 11 . . . 10 Largest Group 19 | . . . . . . . . 1 14 16 16 11 5 19 13 2 1 1 . . 1 5 10 . . . 10 Highest-Rated Group 915 | . . . . . . . . 32 542 915 915 671 235 702 477 53 26 26 . . 46 238 481 . . . 646 Highest-Rated Ally 159 | . . . . . . . . 32 159 152 137 96 47 50 47 27 26 26 . . 46 50 123 . . . 67 Initial UFD Resources 78 | . . . . . . . . 23 37 37 37 37 40 47 47 59 59 59 63 63 77 77 78 75 78 78 78 Total Orders 7 | . . . . . . . . . . . . 3 . . . . . . . . . . 4 . . . . STAY 2 | . . . . . . . . . . . . 2 . . . . . . . . . . . . . . . FOLLOW 1 | . . . . . . . . . . . . 1 . . . . . . . . . . . . . . . EXPLORE 2 | . . . . . . . . . . . . . . . . . . . . . . . 2 . . . . RETURN 2 | . . . . . . . . . . . . . . . . . . . . . . . 2 . . . . Ally Attacks 847 | . . . . . . . . 2 85 67 20 109 116 136 135 . . . . . 6 54 60 . . . 57 Total Damage 21330 | . . . . . . . . 103 1939 1448 452 3062 2414 4426 3294 . . . . . 194 1192 1541 . . . 1265 Kills 98 | . . . . . . . . 1 10 9 4 12 15 9 18 . . . . . . 5 7 . . . 8 Allies Corrupted 3 | . . . . . . . . . . . . 1 . . 1 . . . . . . . 1 . . . . Allies Melted . | . . . . . . . . . . . . . . . . . . . . . . . . . . . . Intel | -11 -10 -9 -9 -8 -8 -8 -8 -6 -6 -6 -6 -6 -5 -5 -5 -5 -5 -5 -4 -4 -4 -4 -4 -4 -3 -3 -3 ------- Run | Yrd Mat Mat Min Mat Sto Rec Scr Fac Ext Cet Arc Hub Fac Was Fac Upp Upp War Pro Fac Was Fac Arm Lab Res Qua Frg Active Infowar (turns) 15893 | 64 1400 240 660 65 475 . 2665 335 783 244 201 434 454 . 406 130 145 479 230 870 162 1049 1174 512 1407 716 593 Optics 11486 | . . . . . . . 2665 335 783 244 201 425 . . . . . 120 230 870 162 1049 1174 512 1407 716 593 Sensors 7340 | . . . . 65 475 . . 289 251 . 2 422 454 . 281 130 145 359 144 709 162 967 613 . 1106 584 182 IFF 2 | . . . . . . . . . . . . . . . . . . . . . . . . . 2 . . Structural 214 | . . . . . 180 . . . 34 . . . . . . . . . . . . . . . . . . Seismic 2489 | 64 1400 240 660 . . . . . . . . . . . 125 . . . . . . . . . . . . Machine Analysis 13 | . . . . . . . . . . . . . 13 . . . . . . . . . . . . . . Jamming 1920 | . . . . . . . . . . . . . . . . . . . . 748 162 956 54 . . . . Robot Analysis Total 1 | . . . . . . . . . . . . . . . . . . . . . . . . . 1 . . Derelict Logs Recovered 6 | . . . 2 . . . . . . . . . . . . 1 1 . 2 . . . . . . . . Drone Launches 2 | . . . . . . . . . . . . . . . . . . . . . . . 2 . . . . Drone Recoveries 1 | . . . . . . . . . . . . . . . . . . . . . . . 1 . . . . Exploration | -11 -10 -9 -9 -8 -8 -8 -8 -6 -6 -6 -6 -6 -5 -5 -5 -5 -5 -5 -4 -4 -4 -4 -4 -4 -3 -3 -3 ------------- Run | Yrd Mat Mat Min Mat Sto Rec Scr Fac Ext Cet Arc Hub Fac Was Fac Upp Upp War Pro Fac Was Fac Arm Lab Res Qua Frg Turns Passed 22402 | 172 1400 790 1157 1225 1018 1568 3612 335 783 244 201 452 721 341 500 235 145 790 230 870 162 1049 1174 512 1407 716 593 Spaces Moved 14366 | 80 552 351 542 432 313 605 1772 652 844 194 118 626 761 500 654 240 261 768 386 539 114 615 516 207 737 374 613 Core 716 | 2 . . . . . . 274 . . . . 12 . . . . . . . . . . . . . 34 394 Treads 3687 | 78 552 64 536 432 313 605 1107 . . . . . . . . . . . . . . . . . . . . Legs 3174 | . . . . . . . . . . . . . . . . . . . . 444 114 615 516 207 737 340 201 Wheels 1008 | . . 287 6 . . . 391 . . . . . 306 . . . . . . . . . . . . . 18 Hover 5554 | . . . . . . . . 652 844 194 118 602 240 500 654 240 261 768 386 95 . . . . . . . Flight 227 | . . . . . . . . . . . . 12 215 . . . . . . . . . . . . . . Fastest Speed 34 | 50 160 165 165 200 212 250 50 34 34 40 40 35 35 48 48 48 48 43 44 40 118 118 108 115 115 50 50 Average Speed 119 | 157 198 179 200 215 226 250 196 34 34 41 51 48 59 50 48 53 48 65 44 106 119 119 123 133 165 166 75 Slowest Speed 400 | 160 240 400 280 225 250 250 250 94 40 97 97 110 102 53 48 105 48 105 102 260 120 120 198 196 191 255 250 Overloaded Moves 18 | . . . . . . . . . . . . 18 . . . . . . . . . . . . . . . Propulsion Burnouts . | . . . . . . . . . . . . . . . . . . . . . . . . . . . . Robots Hopped 1 | . . . . . . . . . . . . . . . . . . . . . . . 1 . . . . Potential Cave-ins 10 | . . . . . . . . . . . . 5 . 3 . . . . . . . . . . 2 . . Cave-ins Triggered . | . . . . . . . . . . . . . . . . . . . . . . . . . . . . Exploration Rate (%) 55 | 3 65 46 95 61 47 95 88 15 92 72 80 63 19 95 22 47 53 83 52 22 80 20 46 96 24 48 28 Regions Visited 27 Branch Regions 16 Pre-discovered Areas 16 | . . . 1 . . 6 5 1 1 . . . . . . 1 . . 1 . . . . . . . . Known Exits Taken 19 | . . 1 . 1 1 1 1 1 1 1 1 1 . . 1 1 1 1 1 . . 1 1 1 1 . . Unknown Exits Taken 4 | 1 1 . 1 . . . . . . . . . . . . . . . . . . . . . . 1 . Scrap Searched 10 | . . . 1 . . . 5 . . . . . . . . . 3 . 1 . . . . . . . . Spaces Dug 288 | . 1 . . . 5 . . 6 . . . 184 22 . . . . 2 4 7 . 6 14 . 4 9 24 Terrain Destroyed 887 | . 26 37 . 48 28 . . 6 . 4 23 223 27 . 22 2 . 21 125 106 3 76 22 . 29 26 33 Melee 29 | . 1 . . . 5 . . 6 . . . . 3 . . . . . . 3 . 1 7 . 2 1 . Projectile 215 | . . . . . . . . . . 4 23 40 7 . . . . 16 19 41 3 11 7 . 2 9 33 AOE 632 | . 25 37 . 48 23 . . . . . . 183 17 . 21 . . 5 106 62 . 64 . . 25 16 . Terrain Rammed . | . . . . . . . . . . . . . . . . . . . . . . . . . . . . Walls Destroyed . | . . . . . . . . . . . . . . . . . . . . . . . . . . . . Machines Disabled . | . . . . . . . . . . . . . . . . . . . . . . . . . . . . Actions | -11 -10 -9 -9 -8 -8 -8 -8 -6 -6 -6 -6 -6 -5 -5 -5 -5 -5 -5 -4 -4 -4 -4 -4 -4 -3 -3 -3 --------- Run | Yrd Mat Mat Min Mat Sto Rec Scr Fac Ext Cet Arc Hub Fac Was Fac Upp Upp War Pro Fac Was Fac Arm Lab Res Qua Frg Total 18053 | 101 730 463 587 609 524 630 1911 732 1237 328 222 722 966 582 800 311 280 996 418 736 126 818 799 388 869 449 719 Wait 1528 | 2 77 40 6 35 91 1 60 19 232 96 56 48 74 55 79 42 9 118 12 80 1 76 37 95 17 27 43 Move 14339 | 79 551 350 541 431 312 604 1771 651 843 193 117 625 761 499 653 239 260 767 385 539 113 614 513 206 736 373 613 Hop 1 | . . . . . . . . . . . . . . . . . . . . . . . 1 . . . . Pick Up 215 | . 24 10 5 16 3 2 32 10 1 2 5 . 19 3 9 2 3 7 1 10 1 10 23 8 5 4 . Fast Attach 277 | 8 . 3 3 14 13 1 10 6 10 3 9 5 30 10 12 1 4 23 . 19 5 12 16 6 25 6 23 Attach 71 | . 3 3 . 1 . 2 3 6 4 2 1 3 5 . . 1 . 2 2 4 1 3 1 4 11 5 4 Detach 38 | . . . . 2 1 1 2 1 4 . 3 2 2 1 . . . 1 . . . 5 . 2 2 6 3 Swap 230 | . 6 16 8 16 27 . 4 6 15 3 1 4 10 . 4 3 . 3 5 15 . 9 61 4 8 1 1 Drop 359 | 1 5 11 9 31 22 1 29 15 8 5 13 5 31 9 22 4 4 30 . 17 . 8 29 9 26 7 8 Fire 744 | 11 59 29 7 60 47 14 . . 23 24 17 28 28 . 20 19 . 44 13 36 5 49 93 54 29 16 19 Melee 161 | . 2 . 8 . 6 . . 18 34 . . . 6 5 . . . 1 . 12 . 32 23 . 10 4 . Ram 6 | . . 1 . . . . . . . . . 2 . . . . . . . . . . . . . . 3 Kick 6 | . . . . . . . . . . . . . . . . . . . . 4 . . . . . . 2 Crush 12 | . 3 . . 3 2 4 . . . . . . . . . . . . . . . . . . . . . Escape Stasis . | . . . . . . . . . . . . . . . . . . . . . . . . . . . . Rewire 66 | . . . . . . . . . 63 . . . . . 1 . . . . . . . 2 . . . . Trap . | . . . . . . . . . . . . . . . . . . . . . . . . . . . . Miscellaneous . | . . . . . . . . . . . . . . . . . . . . . . . . . . . . Route ------- -11/Scrapyard -10/Materials (discovered 4 exits: *Mat x3 / [*Sub]) -9/Materials -9/Mines (discovered 3 exits: *Mat x2 / [*Zio]) -8/Materials (discovered 2 exits: *Sto x2) -8/Storage (discovered 2 exits: [*Fac] / *Rec) -8/Recycling (discovered 2 exits: *Fac / *Scr) -8/Scraptown (discovered 2 exits: *Fac x2) -6/Factory (discovered 4 exits: Fac / Low x2 / *Ext) -6/Extension (discovered 3 exits: *Fac x2 / *Cet) -6/Cetus (discovered 2 exits: *Fac / *Arc) -6/Archives (discovered 3 exits: *Fac / *Hub x2) -6/Hub_04(d) (discovered 2 exits: *Fac x2) -5/Factory -5/Waste -5/Factory (discovered 2 exits: *Fac / *Upp) -5/Upper Caves -5/Upper Caves -5/Warlord -4/Proximity Caves -4/Factory (discovered 4 exits: *Res x3 / [*Upp]) -4/Waste -4/Factory (discovered 2 exits: [*Upp] / *Arm) -4/Armory -4/Lab -3/Research (discovered 3 exits: *Res / *Qua x2) -3/Quarantine (discovered 2 exits: [*Sec] / *Frg) -3/Protoforge History --------- Turn | Location | Event 12 | -11/Scrapyard | Discovered new exit (range 14) 173 | -11/Scrapyard | Entered Materials 306 | -10/Materials | Build established: Mutant 572 | -10/Materials | Discovered new exit (range 11) 667 | -10/Materials | Core integrity fell below 50% 710 | -10/Materials | Discovered new exit (range 13) 1315 | -10/Materials | Discovered new exit (range 16) 1423 | -10/Materials | Discovered new exit (range 16) 1573 | -10/Materials | Entered another Materials area 1573 | -9/Materials | Evolved 2 slots: Utility x1, Weapon x1 1892 | -9/Materials | Identified exit to Mines 2264 | -9/Materials | Central database locked down 2299 | -9/Materials | Build established: Tank 2363 | -9/Materials | Entered Mines 2365 | -9/Mines | Joined a pair of Derelicts in attacking an 0b10 outpost 2549 | -9/Mines | Met a Derelict shopkeep closing up shop 2632 | -9/Mines | A Derelict revealed a hidden shortcut to a safe place 2757 | -9/Mines | Learned Materials stockpile data 2859 | -9/Mines | Build established: Mutant 3048 | -9/Mines | Learned Materials emergency access door positions 3434 | -9/Mines | Discovered new exit (range 8) 3459 | -9/Mines | Learned location of Storage (-8) 3462 | -9/Mines | Discovered new exit (range 6) 3520 | -9/Mines | Entered Materials 3520 | -8/Materials | Evolved 2 slots: Utility x2 3745 | -8/Materials | Garrison activated, responded to threat 4051 | -8/Materials | Build established: Gunner 4299 | -8/Materials | Identified exit to Storage 4720 | -8/Materials | First assault squad dispatched 4745 | -8/Materials | Entered Storage 5182 | -8/Storage | Found Prototype Launcher 5182 | -8/Storage | Identified Gui. EMP Blaster 5368 | -8/Storage | Used back door to open Recycling access 5368 | -8/Storage | Discovered new exit (range 5) 5570 | -8/Storage | Discovered new exit (range 16) 5760 | -8/Storage | Identified exit to Recycling 5763 | -8/Storage | Entered Recycling 6562 | -8/Recycling | Discovered new exit (range 8) 7052 | -8/Recycling | Learned Factory emergency access door positions 7089 | -8/Recycling | Learned location of 1 exit from Storage 7144 | -8/Recycling | Learned Factory emergency access door positions 7146 | -8/Recycling | Learned Storage stockpile data 7147 | -8/Recycling | Learned 8 Factory zone layouts 7154 | -8/Recycling | Learned location of 1 exit from Storage 7271 | -8/Recycling | Scanned before Scraplab entrance 7306 | -8/Recycling | Entered Scraplab 7326 | -8/Recycling | Discovered new exit (range 3) 7328 | -8/Recycling | Identified exit to Scraptown 7331 | -8/Recycling | Entered Scraptown 7407 | -8/Scraptown | Heard Great Nut preacher, LISTEN AND RECITE! 7832 | -8/Scraptown | Visited SPCMW 7897 | -8/Scraptown | Build established: Mutant 7899 | -8/Scraptown | Visited Cyclists 8644 | -8/Scraptown | Visited Awakened 8721 | -8/Scraptown | Visited Fellowship of the Rings 8791 | -8/Scraptown | Visited TADAMA 8891 | -8/Scraptown | Visited Junk Repository 8964 | -8/Scraptown | Visited Shadow of the Wyrm 9021 | -8/Scraptown | Visited UFD Registry 9021 | -8/Scraptown | Registered with UFD as "Shockface" 9086 | -8/Scraptown | Visited Junk Repository 9141 | -8/Scraptown | Visited DA-N13 Charitable Foundation 9151 | -8/Scraptown | Found DCF Scrap (28 items) 9211 | -8/Scraptown | Visited Science Testing Area 9244 | -8/Scraptown | Visited Abandonware Association 9269 | -8/Scraptown | Learned abandonware demo "MELTYB.EXE" 9326 | -8/Scraptown | Visited Supply Room 9389 | -8/Scraptown | Visited Infowarlord's Domain 9404 | -8/Scraptown | Found Exp. Sensor Array 9446 | -8/Scraptown | Visited Cartography Club 9524 | -8/Scraptown | Visited Chapter 10 9631 | -8/Scraptown | Visited LU-1G1's Boring Crew 9932 | -8/Scraptown | Learned location of Upper Caves (-5) 9932 | -8/Scraptown | Learned location of Zion (-7) 9932 | -8/Scraptown | Learned location of Archives (-6) 9932 | -8/Scraptown | Learned 16 Materials zone layouts 9932 | -8/Scraptown | Learned 8 Factory zone layouts 9932 | -8/Scraptown | Learned 4 Access zone layouts 9932 | -8/Scraptown | Learned 8 Access zone layouts 9932 | -8/Scraptown | Learned 12 Lower Caves zone layouts 9932 | -8/Scraptown | Learned 8 Upper Caves zone layouts 9932 | -8/Scraptown | Learned 8 Proximity Caves zone layouts 9932 | -8/Scraptown | Learned 4 Armory zone layouts 9932 | -8/Scraptown | Learned Factory emergency access door positions 9932 | -8/Scraptown | Learned location of 2 exits from Research 9932 | -8/Scraptown | Learned location of 2 exits from Lower Caves 9932 | -8/Scraptown | Learned location of 3 exits from Proximity Caves 9932 | -8/Scraptown | Identified exit to Factory 9953 | -8/Scraptown | Found Deep Structural Scanner 10647 | -8/Scraptown | Build established: Hacker-Mutant 10850 | -8/Scraptown | Met Optimus 10850 | -8/Scraptown | Accepted into 0bPrime 10943 | -8/Scraptown | Entered Factory 10943 | -6/Factory | Evolved 4 slots: Propulsion x3, Utility x1 10944 | -6/Factory | Identified exit to Factory 10944 | -6/Factory | Identified exit to Lower Caves 10944 | -6/Factory | Identified exit to Extension 11019 | -6/Factory | Loaded intel: 8 recycling unit locations 11050 | -6/Factory | Garrison activated, responded to threat 11256 | -6/Factory | Learned location of Protoforge (-3) 11278 | -6/Factory | Entered Extension 11431 | -6/Extension | Rescued a captive Derelict 11432 | -6/Extension | Rescued A7 11432 | -6/Extension | Rescued a captive Derelict 11498 | -6/Extension | Repaired Greatsword 11549 | -6/Extension | Rescued a captive Derelict 11626 | -6/Extension | Loaded intel: 13 trap records 11692 | -6/Extension | Learned Factory emergency access door positions 11695 | -6/Extension | Spotted B-75 Beast 11719 | -6/Extension | Allies destroyed B-75 Beast 11721 | -6/Extension | Spotted B-75 Beast 11746 | -6/Extension | Learned Factory trap positions 11753 | -6/Extension | Allies destroyed B-75 Beast 11845 | -6/Extension | Learned location of Proximity Caves (-5) 11858 | -6/Extension | Learned 4 Lower Caves zone layouts 11879 | -6/Extension | Learned 2 Lower Caves zone layouts 11908 | -6/Extension | Learned location of 1 exit from Cetus 11937 | -6/Extension | Rescued a captive Derelict 11949 | -6/Extension | Learned Extension trap positions 11952 | -6/Extension | Discovered new exit (range 6) 11956 | -6/Extension | Identified exit to Cetus 12061 | -6/Extension | Entered Cetus 12061 | -6/Cetus | Accompanied by 13 allies (A7) 12063 | -6/Cetus | Identified exit to Archives 12066 | -6/Cetus | Acquired a Cetus Manufacturing Module code from A7 12069 | -6/Cetus | Spotted Cetus Guard 12075 | -6/Cetus | Spotted Cetus Guard 12075 | -6/Cetus | Spotted Cetus Guard 12076 | -6/Cetus | Destroyed Cetus Guard 12087 | -6/Cetus | Spotted Cetus Guard 12092 | -6/Cetus | Allies destroyed Cetus Guard 12099 | -6/Cetus | Allies destroyed Cetus Guard 12103 | -6/Cetus | Destroyed Cetus Guard 12137 | -6/Cetus | Escorted A7 to Cetus Mainframe 12141 | -6/Cetus | Started Cetus Manufacturing Module 12155 | -6/Cetus | Build established: Commander-Gladiator 12166 | -6/Cetus | Manufactured an Enhanced Grunt 12191 | -6/Cetus | Manufactured an Enhanced Grunt 12210 | -6/Cetus | Spotted Cetus Guard 12211 | -6/Cetus | Spotted Cetus Guard 12213 | -6/Cetus | Spotted Cetus Guard 12213 | -6/Cetus | Spotted Cetus Guard 12216 | -6/Cetus | Manufactured an Enhanced Grunt 12231 | -6/Cetus | Allies destroyed Cetus Guard 12235 | -6/Cetus | Allies destroyed Cetus Guard 12236 | -6/Cetus | Allies destroyed Cetus Guard 12236 | -6/Cetus | Allies destroyed Cetus Guard 12241 | -6/Cetus | Manufactured an Enhanced Grunt 12246 | -6/Cetus | Met Revision 17 12266 | -6/Cetus | Manufactured an Enhanced Grunt 12299 | -6/Cetus | Attached CPS modules to A7. 12305 | -6/Cetus | Entered Archives 12305 | -6/Archives | Accompanied by 16 allies (A7) 12310 | -6/Archives | Received a hacking code to weaken MAIN.C 12310 | -6/Archives | Murdered A7 12326 | -6/Archives | Found Prototype Protection 12326 | -6/Archives | Identified Med. Regenerative Plating 12337 | -6/Archives | Extracted ID and sensor layout for unrecognized location from A7's data core 12366 | -6/Archives | Discovered new exit (range 21) 12388 | -6/Archives | Lost 3 allies 12420 | -6/Archives | Discovered exit to Factory (range 15) 12466 | -6/Archives | Discovered new exit (range 18) 12479 | -6/Archives | Identified exit to Hub_04(d) 12506 | -6/Archives | Entered Hub_04(d) 12506 | -6/Hub_04(d) | Accompanied by 11 allies 12509 | -6/Hub_04(d) | Discovered exit to Factory (range 21) 12737 | -6/Hub_04(d) | Spotted B-75 Beast 12769 | -6/Hub_04(d) | Lost 3 allies 12839 | -6/Hub_04(d) | Discovered exit to Factory (range 6) 12888 | -6/Hub_04(d) | Network Hub disabled 12893 | -6/Hub_04(d) | Network Hub disabled 12899 | -6/Hub_04(d) | Spotted Lightning 12918 | -6/Hub_04(d) | Spotted Lightning 12922 | -6/Hub_04(d) | Spotted Lightning 12936 | -6/Hub_04(d) | System corruption reached 10% 12939 | -6/Hub_04(d) | Core integrity fell below 50% 12958 | -6/Hub_04(d) | Entered Factory 12958 | -5/Factory | Evolved 2 slots: Utility x2 12959 | -5/Factory | Loaded intel: 102 trap records 12977 | -5/Factory | Lost 11 parts (6n2u3w) 12987 | -5/Factory | Scrapoid reinforcements arrived 13074 | -5/Factory | Found Scrap Suit 13086 | -5/Factory | Attached CPS modules to 05F02-D. 13088 | -5/Factory | Attached CPS modules to 05F03-D. 13258 | -5/Factory | First assault squad dispatched 13465 | -5/Factory | Build established: Scavenger-Scrapper 13580 | -5/Factory | Loaded intel: 7 recycling unit locations 13679 | -5/Factory | Sucked down chute 13679 | -5/Factory | Entered Waste 13705 | -5/Waste | Spotted C-40 Crusher 13706 | -5/Waste | Spotted C-40 Crusher 13709 | -5/Waste | Spotted C-40 Crusher 13752 | -5/Waste | Spotted C-40 Crusher 13753 | -5/Waste | Spotted C-40 Crusher 13753 | -5/Waste | Spotted C-40 Crusher 13768 | -5/Waste | Warlord forces began an assault 13775 | -5/Waste | Allies destroyed C-40 Crusher 13780 | -5/Waste | Allies destroyed C-40 Crusher 13793 | -5/Waste | Allies destroyed C-40 Crusher 13799 | -5/Waste | Allies destroyed C-40 Crusher 13805 | -5/Waste | Allies destroyed C-40 Crusher 13809 | -5/Waste | Allies destroyed C-40 Crusher 13833 | -5/Waste | Lost 4 allies 13873 | -5/Waste | Discovered new exit (range 12) 13976 | -5/Waste | Identified exit to Factory 14020 | -5/Waste | Entered Factory 14020 | -5/Factory | Accompanied by 13 allies 14031 | -5/Factory | Loaded intel: 8 recycling unit locations 14058 | -5/Factory | Garrison activated, responded to threat 14167 | -5/Factory | Build established: Scavenger-Mutant 14168 | -5/Factory | Lost 3 allies 14437 | -5/Factory | Discovered new exit (range 9) 14440 | -5/Factory | Identified exit to Factory 14511 | -5/Factory | Discovered new exit (range 10) 14514 | -5/Factory | Lost 3 allies 14515 | -5/Factory | Identified exit to Upper Caves 14520 | -5/Factory | Entered Upper Caves 14520 | -5/Upper Caves | Accompanied by 2 allies 14521 | -5/Upper Caves | Identified exit to Upper Caves 14685 | -5/Upper Caves | Encountered a Warlord checkpoint 14754 | -5/Upper Caves | Attracted the attention of an 0b10 checkpoint 14755 | -5/Upper Caves | Entered another Upper Caves area 14755 | -5/Upper Caves | Accompanied by 1 ally 14762 | -5/Upper Caves | Encountered a Warlord checkpoint 14845 | -5/Upper Caves | Learned Factory garrison access intel 14891 | -5/Upper Caves | Discovered new exit (range 7) 14893 | -5/Upper Caves | Identified exit to Warlord 14900 | -5/Upper Caves | Entered Warlord 14900 | -5/Warlord | Accompanied by 1 ally 14917 | -5/Warlord | System corruption cleaned by Quarantine Array 14972 | -5/Warlord | Received a Watcher feed algorithm from an ecstatic Tinkerer 15087 | -5/Warlord | Visited the Vortex Lab 15088 | -5/Warlord | Build established: Hacker-Mutant 15091 | -5/Warlord | Found Prototype Energy Gun 15091 | -5/Warlord | Identified Vortex Rifle 15098 | -5/Warlord | Found Vortex Rifle 15108 | -5/Warlord | Warlord's base attacked by MAIN.C 15199 | -5/Warlord | Found Prototype Special Weapon 15199 | -5/Warlord | Identified RU-N14's Throwing Claymores v3 15205 | -5/Warlord | Found RU-N14's Throwing Claymores v3 15271 | -5/Warlord | Found Prototype Hackware 15271 | -5/Warlord | Identified Ghost Barrier 15406 | -5/Warlord | Build established: Hacker-Gunner 15450 | -5/Warlord | Spotted Executioner 15458 | -5/Warlord | Warlord forces counterattacked 15546 | -5/Warlord | Spotted Executioner 15564 | -5/Warlord | Found Prototype Processor 15564 | -5/Warlord | Identified Exp. Core Analyzer 15579 | -5/Warlord | Lost 7 allies 15608 | -5/Warlord | Spotted Striker 15612 | -5/Warlord | Destroyed Striker 15614 | -5/Warlord | Spotted Executioner 15659 | -5/Warlord | Found Prototype Processor 15659 | -5/Warlord | Identified Exp. Targeting Computer 15666 | -5/Warlord | Lost 12 allies 15666 | -5/Warlord | Discovered new exit (range 17) 15690 | -5/Warlord | Identified exit to Proximity Caves 15690 | -5/Warlord | Entered Proximity Caves 15771 | -4/Proximity Caves | Attracted the attention of an 0b10 checkpoint 15920 | -4/Proximity Caves | Entered Factory 15920 | -4/Factory | Evolved 2 slots: Power x1, Propulsion x1 15921 | -4/Factory | Identified exit to Research 15923 | -4/Factory | Loaded intel: 4 garrison access locations 15930 | -4/Factory | Adv. Hacking Suite fried by hacking feedback 16028 | -4/Factory | Garrison activated, responded to threat 16389 | -4/Factory | Loaded intel: 8 recycling unit locations 16420 | -4/Factory | First assault squad dispatched 16586 | -4/Factory | Discovered new exit (range 10) 16790 | -4/Factory | Sucked down chute 16790 | -4/Factory | Entered Waste 16791 | -4/Waste | Met a frightened Derelict 16815 | -4/Waste | Build established: Scavenger-Assassin 16824 | -4/Waste | Spotted C-40 Crusher 16860 | -4/Waste | Spotted C-40 Crusher 16865 | -4/Waste | Spotted C-40 Crusher 16876 | -4/Waste | Spotted C-40 Crusher 16893 | -4/Waste | Spotted C-40 Crusher 16907 | -4/Waste | Crushed by Compactor (1 part destroyed, 2 dropped) 16919 | -4/Waste | Spotted C-40 Crusher 16932 | -4/Waste | Crushed by Compactor (1 part destroyed, 1 dropped) 16934 | -4/Waste | Discovered new exit (range 10) 16944 | -4/Waste | Identified exit to Factory 16952 | -4/Waste | Entered Factory 16963 | -4/Factory | Lost 3 parts (1n1u1w) 16997 | -4/Factory | Discovered new exit (range 5) 17304 | -4/Factory | Scrapoid reinforcements arrived 17475 | -4/Factory | Loaded intel: 7 recycling unit locations 17594 | -4/Factory | Spotted B-86 Titan 17796 | -4/Factory | Lost 3 parts (1p1u1w) 17949 | -4/Factory | Discovered new exit (range 15) 18000 | -4/Factory | Identified exit to Armory 18001 | -4/Factory | Entered Armory 18002 | -4/Armory | Identified exit to Lab 18123 | -4/Armory | Scraphulk reinforcements arrived? 18266 | -4/Armory | Assisted by bots powering up and referring to "LRC-V3" 18349 | -4/Armory | Lost 3 allies 18384 | -4/Armory | Found Gamma Bomb Array 18386 | -4/Armory | Found Gamma Bomb Array 18418 | -4/Armory | Lost 3 allies 18656 | -4/Armory | Destroyed 7 combat bots 18661 | -4/Armory | System corruption reached 10% 18751 | -4/Armory | First assault squad dispatched 18791 | -4/Armory | Loaded intel: 1 recycling unit location 19014 | -4/Armory | Spotted B-86 Titan 19175 | -4/Armory | Entered Lab 19175 | -4/Lab | Discovered exit to Research (range 9) 19197 | -4/Lab | Hidden lab's door opened automatically 19197 | -4/Lab | Sensor layout match revealed 19198 | -4/Lab | Gained access to the hidden lab's interior 19199 | -4/Lab | Unable to decrypt terminal 19336 | -4/Lab | Found Alien Artifact 19336 | -4/Lab | Identified Core Reset Matrix 19336 | -4/Lab | Used Core Reset Matrix 19340 | -4/Lab | Sensed 3 artifacts in vicinity 19351 | -4/Lab | Found Transdimensional Reconstructor 19362 | -4/Lab | Found Integrated Mediator 19363 | -4/Lab | Installed Integrated Mediator, increased core attachment efficiency 19375 | -4/Lab | Found Core Regenerator 19378 | -4/Lab | Detected by scanners 19389 | -4/Lab | Confronted by A5 19477 | -4/Lab | Lost 3 parts (1p1u1w) 19486 | -4/Lab | Destroyed A5 19527 | -4/Lab | Found Prototype Device 19527 | -4/Lab | Identified AEGIS Remote Shield 19532 | -4/Lab | Found Prototype Energy Gun 19532 | -4/Lab | Identified Tachyon Dispersion Ray 19536 | -4/Lab | Found Prototype Energy Gun 19536 | -4/Lab | Identified Hyp. EM Gauss Rifle 19544 | -4/Lab | Found Prototype Hackware 19570 | -4/Lab | Found Prototype Hackware 19587 | -4/Lab | Discovered exit to Research (range 17) 19658 | -4/Lab | Found Prototype Special Weapon 19679 | -4/Lab | Unable to decrypt terminal 19687 | -4/Lab | Entered Research 19687 | -3/Research | Evolved 2 slots: Power x1, Weapon x1 19887 | -3/Research | Revision forces began assault on 0b10 19895 | -3/Research | Discovered new exit (range 17) 19914 | -3/Research | Identified exit to Research 19981 | -3/Research | Identified Exp. Hacking Suite 19982 | -3/Research | Identified exit to Quarantine 20000 | -3/Research | Met up with Revision 17++ 20387 | -3/Research | Research terminal network offline 20432 | -3/Research | Found Prototype Processor 20432 | -3/Research | Identified Exp. Melee Analysis Suite 20543 | -3/Research | Watched by a mysterious "MATRIX" hacker. 20771 | -3/Research | Intercept squad dispatched 20781 | -3/Research | Build established: Scavenger-Skirmisher 20793 | -3/Research | Spotted Tracker 20862 | -3/Research | Spotted Combat Programmer 20936 | -3/Research | Spotted Striker 20949 | -3/Research | Destroyed Striker 20966 | -3/Research | Spotted Striker 20972 | -3/Research | Lost 3 allies 20981 | -3/Research | Destroyed Striker 21043 | -3/Research | Spotted Executioner 21046 | -3/Research | Spotted Striker 21054 | -3/Research | Destroyed Executioner 21055 | -3/Research | Destroyed Striker 21082 | -3/Research | Destroyed 11 combat bots 21082 | -3/Research | Lost 7 parts (2p2n1u2w) 21094 | -3/Research | Entered Quarantine 21095 | -3/Quarantine | Detected hypermatrix surge 21095 | -3/Quarantine | Sensed 10 artifacts in vicinity 21169 | -3/Quarantine | Found Dimensional Node Initializer 21182 | -3/Quarantine | Found Hpw. Transdimensional Reconstructor 21185 | -3/Quarantine | Scanned by Researcher 21402 | -3/Quarantine | Build established: Scavenger-Assassin 21580 | -3/Quarantine | Found Core Cannon 21698 | -3/Quarantine | Spotted Fortress 21708 | -3/Quarantine | Intercept squad dispatched 21721 | -3/Quarantine | Spotted Tracker 21768 | -3/Quarantine | Spotted Combat Programmer 21784 | -3/Quarantine | Destroyed Tracker 21785 | -3/Quarantine | Core integrity fell below 50% 21791 | -3/Quarantine | Identified Quantum Router 21793 | -3/Quarantine | Used Core Regenerator, restored core integrity (+325) 21806 | -3/Quarantine | Discovered new exit (range 6) 21806 | -3/Quarantine | Discovered new exit (range 7) 21810 | -3/Quarantine | Entered Protoforge 21811 | -3/Protoforge | Sensed 2 artifacts in vicinity 21812 | -3/Protoforge | Lost 11 parts (3p5n2u1w) 21849 | -3/Protoforge | Superfortress began startup sequence 21912 | -3/Protoforge | Spotted Hotshot 21912 | -3/Protoforge | Spotted Hotshot 21922 | -3/Protoforge | Spotted Hotshot 21927 | -3/Protoforge | Spotted Hotshot 21970 | -3/Protoforge | Spotted EXE-6 21970 | -3/Protoforge | Spotted EXE-6 21989 | -3/Protoforge | Spotted Overlord 21992 | -3/Protoforge | Spotted AP7-3 21992 | -3/Protoforge | Spotted AP7-3 21994 | -3/Protoforge | Spotted Decapitator 21994 | -3/Protoforge | Spotted Decapitator 21999 | -3/Protoforge | Core integrity fell below 20% 22017 | -3/Protoforge | UFD initiated attack on Protoforge (Readiness: Adequate) 22017 | -3/Protoforge | Loaded intel: 3 recycling unit locations 22047 | -3/Protoforge | Scrapoid reinforcements arrived 22053 | -3/Protoforge | Scrapoid reinforcements arrived 22067 | -3/Protoforge | Optimus greeted in Protoforge 22088 | -3/Protoforge | Found Unknown Device 22088 | -3/Protoforge | Identified Scrap Suit 22096 | -3/Protoforge | Found Exp. Core Analyzer 22104 | -3/Protoforge | Lost 7 allies 22104 | -3/Protoforge | Found Prototype Processor 22104 | -3/Protoforge | Identified Exp. Target Analyzer 22107 | -3/Protoforge | Allies destroyed Decapitator 22137 | -3/Protoforge | Lost 4 allies 22232 | -3/Protoforge | System corruption reached 10% 22241 | -3/Protoforge | UFD reported confirmed Drillbomb installation 22243 | -3/Protoforge | Spotted Executioner 22247 | -3/Protoforge | Spotted Executioner 22248 | -3/Protoforge | Spotted Executioner 22253 | -3/Protoforge | P-80 Master assimilated allied 03F25-D 22254 | -3/Protoforge | Spotted B-86 Titan 22285 | -3/Protoforge | Lost 5 allies 22293 | -3/Protoforge | Destroyed B-86 Titan 22311 | -3/Protoforge | UFD reported confirmed Drillbomb installation 22328 | -3/Protoforge | Lost 4 allies 22367 | -3/Protoforge | Spotted Striker 22367 | -3/Protoforge | Spotted Executioner 22374 | -3/Protoforge | Spotted Executioner 22375 | -3/Protoforge | Spotted Striker 22385 | -3/Protoforge | Intercept squad dispatched 22389 | -3/Protoforge | Build established: Scavenger-Mutant 22392 | -3/Protoforge | Spotted Tracker 22403 | -3/Protoforge | Self-destructed Last Messages --------------- 22394_ N-04 Retriever Unknown Hover Unit temporarily disabled. 22394_ Slug penetrates N-04 Retriever. 22394_ N-04 Retriever suffers critical hit (Destroy). 22394_ Destroyed Unknown Hover Unit. 22394_ Slug penetrates Wall. 22396_ P-80 Master hacks 03F06-K, rebooting. 22396_ Acquired 44 matter. 22398_ N-04 Retriever Unknown Hover Unit temporarily disabled. 22398_ Chain reaction triggered in Unknown Engine. 22398_ N-04 Retriever destroyed. 22399_ 03F06-K destroyed. 22399_ N-04 Retriever collects Unknown Device. 22399_ N-04 Retriever collects Unknown Processor. 22399_ N-04 Retriever collects Corrupted Unknown Processor. 22400_ N-04 Retriever collects Unknown Slashing Weapon. 22400_ N-04 Retriever collects Unknown Reactor. 22402_ Slug penetrates BA-N22(E). 22402_ Slug penetrates Wall. 22402_ BA-N22(E) destroyed. 22403_ N-04 Retriever collects Unknown Protection. Map ----- +----------------------------------------------------+ | ############?????????????????????????????????????? | | ???????#####?????????????????????????????????????? | | ??????????##?????????????????? ????????????????? | | ??????????##?????????????????? ?????????????? | | ??????????##?????????????????# " "? ??????????? | | ??????????##?????????????????# "" ?"" ??????? | | ??????????##?????????????????# ? " ?????? | | ???????#####?????????????????# " "? " ?? | | ???????######????????????????# " " "" ? """?? | | ???????#### ###??????????????# "" ? ?? | | ###+#######""##??????????????# "" "? ? | | """"" #####???????????# """"" "" ?" | | ""T"" #####???????????# " ? " | | ##???????????# " " "? "" | | """ ?##???????????# """"" "" | | """ ??##???????????# " "" | | ## """ #####???????????# """ "" | | ?# """" " ###???????????# """" " | | ?#"%""" !*"#??????????????# " | | ?+ """" =%####????????????# n "" | | ?# " ^ ;# #??########### " " | | ?# % !; #### ####### " "m "" | | # ;#;;;;;;;###; ;;# """"" " """ | | % % n% % % % ; "" "" " """ | | % [s! ! % % & SSj%"" " " """ | | ] % l !K% ! % % @% SS%% "" " """" | | ## % %% =*#;;; ;;####;; ;;#% % "" " """" | | !%% "######""### ;####% %" """" | | %!!% " ???? #########% % "" """" | | /!! + ??? #####???# % % " " " " """" | | * %= " ?? [#####???#% % "% % """" | | = " ? ??##???# %["% " """" | | != " ""?##???# "=[%" """"" " """" | | " ### R?##???# |"" " """" | | " ?## ? """##???# !==! " """ | | ## ?## ? #####???# =% """ | | ## ?## #####???# """"""" *""% """ | | ## ?###"" ""####??????# """ " %" "" | | ## ?###""S""####??????# " " " | | ## ?###??"" ##????????# "" % | | ## ?##########????????# "" ""! "" | | ## ?##########????????# "" "" " "" | | #############????????????????# "" """ " | | #############????????????????# " " | | ##########???????????????????# " "" """ | | ?????? ##???????????????????# " " """ "" " | | ####### ##???????????????????# " """ % | | ?????## ##???????????????????# "" " | | ?????## ##???????????????????# "% " "" " | | ?????## ##???????????????????# " | +----------------------------------------------------+ Best States ------------- Heat Dissipation 156 Energy Generation 70 Energy Capacity 1090 Matter Stores 300 Matter Capacity 300 Sight Range 23 Robot Scan Range 20 Terrain Scan Density 10 Jamming Range 14 Additional Mass Support 16 Armor Coverage 600 Weapon Shielding 90 Evasion (%) 73 Targeting Accuracy 12 Melee Accuracy 8 Target Analysis 10 Core Analysis 8 Recoil Reduction 2 Salvage Targeting 4 Offensive Hacking 28 Defensive Hacking 25 Authchip Count 1 Item Schematics ----------------- Hvy. Wave Gun | -3/Quarantine | Archive Exp. Matter Compressor | -3/Quarantine | Archive Exp. Targeting Computer | -3/Quarantine | Archive Centrium Leg | -3/Quarantine | Hacked Robot Schematics ------------------ Y-72 Warden | -3/Quarantine | Archive Fabricated ------------ Nothing Repaired ---------- Greatsword | 20% | -6/Extension Studied --------- Lrn. Proton Cannon | -3/Research | Hacked Micro-nuke Launcher | -3/Research | Hacked Lgt. Antimatter Reactor | -3/Research | Hacked Neutrino Core | -3/Research | Hacked Particle Reactor | -3/Research | Hacked Alien Tech Used ----------------- Core Reset Matrix Integrated Mediator Core Cannon Core Regenerator Achievements -------------- Help And Harvest Challenges ------------ None Game ------ Seed TrapPhysicsKit Manual? 0 Play Time 06:10:30 Cumulative 280.8 hours Start 2026.06.16 @ 15:43:39 End 2026.06.18 @ 15:54:23 Sessions 19 Manual Loads 0 Difficulty Rogue Special Mode None Game No. 112 Rogue 107 Adventurer 5 Explorer 0 Win Type - Total 8 Types 4/0/2/1/0/0/0/0/0/1 Lore% 73 Gallery% 70 Achievement% 63 Wizard Run 0 Options --------- Layout 0 ASCII 0 Keyboard 0 Movement Numpad Keybinds 0 Fullscreen 1 Font 18/SmallcapsGlow Map View 76x50 Zoom Use 0% Tactical HUD 1 Map Filters NONE Filters NONE Steam 1 RUN: 356ac715-e757-4a53-825d-aa4e6ddc47d6